 Dungeon Crawl Stone Soup version 0.31-a0-744-gbc345e7fcb (webtiles) character file.

Game seed: 2174709509846133557

2657731 demibob the Conqueror (level 27, 273/273 HPs)
             Began as a Minotaur Chaos Knight on Sept 13, 2023.
             Was the Champion of Jiyva.
             Escaped with the Orb
             ... and 4 runes on Sept 14, 2023!
             The game lasted 02:40:30 (57106 turns).

demibob the Conqueror (Minotaur Chaos Knight)      Turns: 57106, Time: 02:40:31

Health: 273/273    AC: 46    Str: 27    XL:     27
Magic:  22/22      EV: 24    Int: 12    God:    Jiyva [******]
Gold:   4433       SH: 21    Dex: 21    Spells: 26/26 levels left

rFire   + + .        a - +10 zealot's sword {holy, Zealotry, *Rage rN+ EV+3}
rCold   . . .        k - +2 kite shield {reflect}
rNeg    + + .        R - +8 orange crystal plate armour {Archmagi, Int+3 Clar}
rPois   +            (helmet unavailable)
rElec   +            B - +1 cloak of the Imp {rPois rN+ Str+4}
rCorr   +            (gloves unavailable)
SInv    .            P - +2 pair of boots {rampage}
Will    ++++.        M - dreamshard necklace {Acrobat *Dream} Stlth
                     F - ring of fire
HPRegen 2.25/turn    X - ring "Juajal" {Fly rElec Will+ Dex+3}
MPRegen 0.68/turn

%: reflection, acrobat, clarity, rampage, archmagi
@: mighty, resistant, enlightened, flying, hasted, studying Conjurations,
invisible, very quick
A: horns 3, retaliatory headbutt, claws 3, berserk 1, poison resistance,
translucent skin 2, evolution 1, jelly sensing items, MP-powered wands
0: Orb of Zot
}: 4/15 runes: decaying, slimy, silver, gossamer
a: Renounce Religion, Oozemancy, Slimify


You escaped.
You worshipped Jiyva.
Jiyva was exalted by your worship.
You visited 11 branches of the dungeon, and saw 55 of its levels.
You visited the Abyss 2 times.
You also visited: Sewer and Ice Cave.

You collected 7402 gold pieces.
You spent 2969 gold pieces at shops.


Innate Abilities, Weirdness & Mutations

You have a pair of large horns on your head.
You reflexively headbutt those who attack you in melee.
You have claws for hands.
You sometimes lose your temper in combat.
Your system is resistant to poisons. (rPois)
Your translucent skin reduces your foes' accuracy. (Stealth+)
You have hidden genetic potential.
You have a small jelly attached to you that senses nearby items.
You expend magic power (3 MP) to strengthen your wands.


   Skills:
 O Level 27 Fighting
 - Level 20.0 Long Blades
 O Level 27 Armour
 + Level 25.4 Dodging
 + Level 26.4 Shields
 - Level 8.6 Evocations


You had 26 spell levels left.
You didn't know any spells.
Your spell library contained the following spells:

 Spells                   Type           Power      Damage    Failure   Level
 Apportation              Tloc           0%         N/A       90%         1
 Foxfire                  Conj/Fire      0%         2x1d4     90%         1
 Kiss of Death            Conj/Necr      0%         2d5       90%         1
 Magic Dart               Conj           0%         1d3       90%         1
 Necrotise                Necr           0%         1d4       90%         1
 Sting                    Tmut/Pois      0%         1d3       90%         1
 Summon Small Mammal      Summ           0%         N/A       90%         1
 Blink                    Tloc           0%         N/A       97%         2
 Cigotuvi's Dreadful Rot  Necr/Pois/Air  0%         N/A       97%         2
 Ensorcelled Hibernation  Hex/Ice        0%         N/A       97%         2
 Lesser Beckoning         Tloc           0%         N/A       97%         2
 Momentum Strike          Conj/Tloc      0%         3d8       97%         2
 Poisonous Vapours        Pois/Air       0%         N/A       97%         2
 Static Discharge         Conj/Air       0%         2-2/arc   97%         2
 Sublimation of Blood     Necr           0%         N/A       97%         2
 Call Canine Familiar     Summ           0%         N/A       99%         3
 Dazzling Flash           Conj/Hex       0%         N/A       99%         3
 Frozen Ramparts          Ice            0%         1d1       99%         3
 Gell's Gravitas          Tloc           0%         N/A       99%         3
 Ignite Poison            Fire/Tmut/Pois 0%         N/A       99%         3
 Inner Flame              Hex/Fire       0%         N/A       99%         3
 Mephitic Cloud           Conj/Pois/Air  0%         N/A       99%         3
 Ozocubu's Armour         Ice            0%         N/A       99%         3
 Sigil of Binding         Hex            0%         N/A       99%         3
 Summon Guardian Golem    Hex/Summ       0%         N/A       99%         3
 Teleport Other           Tloc           0%         N/A       99%         3
 Tukima's Dance           Hex            0%         N/A       99%         3
 Volatile Blastmotes      Fire/Tloc      0%         2d10      99%         3
 Anguish                  Hex/Necr       0%         N/A       100%        4
 Animate Dead             Necr           0%         N/A       100%        4
 Dimensional Bullseye     Hex/Tloc       0%         N/A       100%        4
 Dispel Undead            Necr           0%         3d6       100%        4
 Flame Wave               Conj/Fire      0%         2d4       100%        4
 Fulminant Prism          Conj/Hex       0%         3d5       100%        4
 Iskenderun's Mystic Bla  Conj/Tloc      0%         2d3       100%        4
 Leda's Liquefaction      Hex/Erth       0%         N/A       100%        4
 Manifold Assault         Tloc           0%         N/A       100%        4
 Olgreb's Toxic Radiance  Pois           0%         N/A       100%        4
 Passage of Golubria      Tloc           0%         N/A       100%        4
 Petrify                  Tmut/Erth      0%         N/A       100%        4
 Sticky Flame             Conj/Fire      0%         2d3       100%        4
 Summon Ice Beast         Ice/Summ       0%         N/A       100%        4
 Vhi's Electric Charge    Tloc/Air       0%         N/A       100%        4
 Agony                    Necr           0%         N/A       100%        5
 Alistair's Intoxication  Tmut/Pois      0%         N/A       100%        5
 Arcjolt                  Conj/Air       0%         1d10      100%        5
 Freezing Cloud           Conj/Ice/Air   0%         6-21      100%        5
 Irradiate                Conj/Tmut      0%         3d11      100%        5
 Iskenderun's Battlesphe  Conj           0%         2d6       100%        5
 Metabolic Englaciation   Hex/Ice        0%         N/A       100%        5
 Summon Forest            Summ/Tloc      0%         N/A       100%        5
 Summon Mana Viper        Hex/Summ       0%         N/A       100%        5
 Yara's Violent Unravell  Hex/Tmut       0%         3d3       100%        5
 Death Channel            Necr           0%         N/A       100%        6
 Dispersal                Tloc           0%         N/A       100%        6
 Eringya's Noxious Bog    Tmut/Pois      0%         4d6       100%        6
 Leda's Unmaking          Conj/Erth      0%         9d1       100%        6
 Plasma Beam              Fire/Air       0%         2x1d10    100%        6
 Starburst                Conj/Fire      0%         6d3       100%        6
 Summon Cactus Giant      Summ           0%         N/A       100%        6
 Haunt                    Necr/Summ      0%         N/A       100%        7
 Malign Gateway           Summ/Tloc      0%         N/A       100%        7
 Orb of Destruction       Conj           0%         9d5       100%        7
 Ozocubu's Refrigeration  Ice            0%         4d7       100%        7
 Spellforged Servitor     Conj/Summ      0%         N/A       100%        7
 Summon Hydra             Summ           0%         N/A       100%        7
 Discord                  Hex            0%         N/A       100%        8
 Disjunction              Tloc           0%         N/A       100%        8
 Infestation              Necr           0%         N/A       100%        8
 Maxwell's Capacitive Co  Air            0%         ∞         100%        8
 Death's Door             Necr           0%         N/A       100%        9
 Polar Vortex             Ice            0%         N/A       100%        9

Inventory:

Hand Weapons
 a - the +10 zealot's sword (weapon) {holy, Zealotry, *Rage rN+ EV+3}
   (You took it off a deep elf annihilator on level 3 of the Elven Halls)

   Zealotry:  Whenever the wielder enters a berserk rage, their allies are
   berserked alongside them.
   EV+3:      It affects your evasion (+3).
   rN+:       It protects you from negative energy.
   *Rage:     It berserks you when you make melee attacks (+20% chance).
Armour
 g - the +2 hat of the Bear Spirit {Spirit, Bear, *Rage Will++}
   (You found it on level 5 of the Vaults)

   Bear:      Going berserk makes the wearer exceptionally tough, and they are
   slowed for a shorter time afterward.
   Will++:    It greatly increases your willpower.
   *Rage:     It berserks you when you make melee attacks (+20% chance).
 k - a +2 kite shield of reflection (worn)
 p - a +2 pair of gloves of dexterity
 B - the +1 cloak of the Imp (worn) {rPois rN+ Str+4}
   (You found it on level 10 of the Dungeon)

   Str+4:     It affects your strength (+4).
   rPois:     It protects you from poison rN+: It protects you from negative
   energy.
 P - a +2 pair of boots of rampaging (worn)
 R - the +8 orange crystal plate armour (worn) {Archmagi, Int+3 Clar}
   (You bought it in a shop on level 2 of the Orcish Mines)

   Int+3:     It affects your intelligence (+3).
   Clar:      It protects you from confusion, rage, mesmerisation and fear.
 T - +0 gold dragon scales
 U - the +0 mask of the Dragon {Will+ Slay+3 SInv}
   (You found it on level 5 of the Vaults)

   Slay+3:    It affects your accuracy & damage with ranged weapons and melee
   (+3).
   Will+:     It increases your willpower.
   SInv:      It lets you see invisible.
 Z - +0 fire dragon scales
Jewellery
 c - an amulet of regeneration
 l - the amulet of the Queen {Spirit rElec rPois}
   (You found it on level 3 of the Lair of Beasts)

   [amulet of guardian spirit]

   Spirit:    It causes incoming damage to be divided between your reserves of
   health and magic.
   rElec:     It insulates you from electricity.
   rPois:     It protects you from poison
 t - the ring "Roix" {+Blink rF+ rN+ Int+2 Stlth-}
   (You found it on level 4 of the Swamp)

   [ring of protection from fire]

   Int+2:     It affects your intelligence (+2).
   rF+:       It protects you from fire.
   rN+:       It protects you from negative energy.
   +Blink:    It lets you blink.
   Stlth-:    It makes you less stealthy.
 v - a ring of see invisible
 z - an amulet of reflection
 C - a ring of protection from cold
 D - the ring of Loeqaint {rElec Slay+2 SInv}
   (You took it off a deep elf pyromancer on level 3 of the Elven Halls)

   [ring of see invisible]

   Slay+2:    It affects your accuracy & damage with ranged weapons and melee
   (+2).
   rElec:     It insulates you from electricity.
   SInv:      It lets you see invisible.
 F - a ring of fire (left claw)
 M - the dreamshard necklace (around neck) {Acrobat *Dream}
   (You found it on level 5 of the Pits of Slime)

   [amulet of the acrobat]

   *Dream:    It absorbs a single lethal wound into itself, holding its wearer
   just short of death and releasing dream-creatures to guard them.
   Acrobat:   It increases your evasion while moving and waiting.
 W - a ring of willpower
 X - the ring "Juajal" (right claw) {Fly rElec Will+ Dex+3}
   (You took it off a deep elf blademaster on level 3 of the Elven Halls)

   [ring of willpower]

   Dex+3:     It affects your dexterity (+3).
   rElec:     It insulates you from electricity.
   Will+:     It increases your willpower.
   Fly:       It grants you flight.
Wands
 e - a wand of flame (174)
 m - a wand of charming (80)
 n - a wand of light (22)
 w - a wand of digging (23)
 H - a wand of mindburst (54)
 J - a wand of polymorph (10)
 N - a wand of iceblast (24)
Scrolls
 h - 2 scrolls of brand weapon
 r - 2 scrolls of fog
 x - 7 scrolls of enchant armour
 G - 9 scrolls of enchant weapon
 Q - 27 scrolls of identify {@r1}
 S - 6 scrolls of immolation
Potions
 b - a potion of mutation
 i - 16 potions of curing {@q1}
 j - 2 potions of heal wounds {@q2}
 q - 2 potions of resistance
 s - 9 potions of enlightenment
 K - 7 potions of ambrosia
 L - a potion of cancellation
 O - 2 potions of invisibility
 Y - 3 potions of lignification
Miscellaneous
 f - a lightning rod (4/4)
 u - a phantom mirror
 A - a tin of tremorstones (2/2)
 I - a phial of floods
 V - a sack of spiders

Dungeon Overview and Level Annotations

Branches:
Dungeon (15/15)            Temple (0/1) D:4            Lair (5/5) D:10
  Swamp (4/4) Lair:2       Spider (4/4) Lair:2        Slime (5/5) Lair:4
    Orc (2/2) D:12            Elf (3/3) Orc:2        Vaults (5/5) D:14
  Crypt (3/3) Vaults:3       Tomb (0/3) Crypt:3      Depths (4/4) D:15
    Zot (5/5) Depths:4      Sewer (visited)           IceCv (visited)

Altars:
Cheibriados
Dithmenos
Elyvilon
Fedhas
Gozag
Kikubaaqudgha
Makhleb
Nemelex Xobeh
Okawaru
Qazlal
Ru
Uskayaw
Xom
Zin
The Shining One
Jiyva

Shops:
D:3 !   D:4 *   D:7 *   D:10 *   Orc:2 *[*[   Elf:1 !   Elf:3 !   Vaults:3 (
Depths:4 (

Portals:
Hell: Depths:1 Depths:2 Depths:3 Depths:4
Abyss: Depths:2 Depths:3
Pandemonium: Depths:2 Depths:3
Ziggurat: Depths:3
Bazaar: Orc:2

Annotations:
D:10 2 runed translucent doors, Ekaitz's ghost, novice TeAE
Slime:2 Dissolution
Slime:5 Royal Jelly
Elf:2 5 runed translucent doors
Zot:1 2 transporters, exclusion: 2 orange crystal statues, Vyqe's ghost, master MfIE; Wukiw's ghost, legendary MiBe

.................#.# #.........#
......)..........#÷# #.........#
##...>.......[...#.###.........##
##.##............................
##...............#####.........##
#####..####.####..............###
# #............................
#####...###.#################(###
..........#.##.'@'.# #.###
..#######...##.###.# #.##.
..#########.##.....##########.##.
........#.....................#..
#.......#.......................#
'.......#.....................###
#.......#.....................#
'.......#####.#.##............#
#.......# #.....##............#


There were no monsters in sight!


Message History

You hit the Orb Guardian.
The Orb Guardian is heavily wounded.
You block the Orb Guardian's attack.
You slash the Orb Guardian! You headbutt the Orb Guardian.
The Orb Guardian is severely wounded.
You block the Orb Guardian's attack.
You slice the Orb Guardian!! You headbutt the Orb Guardian.
You kill the Orb Guardian!
What level of the Dungeon? (default 1, ? - help)
There is a stone staircase leading up here.
You fly upwards.
There is a stone staircase leading down here.
A daeva comes into view.
It is wielding a +2 scimitar of holy wrath.
Unknown command.
You hear a distant slurping noise. x2
There is a stone staircase leading up here.
You fly upwards.
There is a stone staircase leading down here.
What level of the Dungeon? (default 1, ? - help) You're already here!
Unknown command.
You reach down and open the door.
There is an open door here.
There is a staircase leading out of the dungeon here.
You feel yourself speed up.
You feel very mighty all of a sudden.
You feel protected.
You feel more buoyant.
You fade into invisibility!
You have escaped!

Skill      XL: |  1  2  3  4  5  6  7  8  9 10 11 12 13 14 15 16 17 18 19 20 21 22 23 24 25 26 |
---------------+-------------------------------------------------------------------------------+-----
Long Blades    | 4 5 6 7 8 10 12 14 15 19 20 | 20.0
Armour         | 3 4 6 8 10 12 15 18 20 21 22 23 25 27 | 27.0
Fighting       | 5 8 9 11 12 14 16 19 21 23 24 26 27 | 27.0
Dodging        | 4 6 8 11 13 15 16 18 20 22 25 | 25.4
Evocations     | 1 6 8 |  8.6
Shields        | 15 18 20 23 26 | 26.4

Action                     |  1- 3 |  4- 6 |  7- 9 | 10-12 | 13-15 | 16-18 | 19-21 | 22-24 | 25-27 || total
---------------------------+-------+-------+-------+-------+-------+-------+-------+-------+-------++-------
  Melee: Falchion          |    87 |    24 |       |       |       |       |       |       |       ||   111
         Headbutt          |     5 |    13 |    50 |    49 |   204 |   457 |   346 |   662 |   593 ||  2379
         Great sword       |       |    62 |   276 |   220 |   946 |  1516 |  1076 |       |       ||  4096
         Unarmed           |       |       |       |       |       |    10 |       |       |       ||    10
         Eudemon blade     |       |       |       |       |       |       |       |  1890 |  1621 ||  3511
         Bite              |       |       |       |       |       |       |       |   219 |   231 ||   450
         Kick              |       |       |       |       |       |       |       |   253 |       ||   253
         Pseudopods        |       |       |       |       |       |       |       |    14 |   149 ||   163
  Evoke: Wand              |       |       |     2 |     1 |     7 |     8 |    13 |     2 |     7 ||    40
         Tin of tremorston |       |       |       |       |     3 |     5 |     2 |     3 |     3 ||    16
         Sack of spiders   |       |       |       |       |       |       |       |     2 |     1 ||     3
         Lightning rod     |       |       |       |       |       |       |       |       |     4 ||     4
    Use: Scroll            |     1 |     4 |    13 |     8 |    18 |    15 |     8 |    10 |    14 ||    91
         Potion            |     1 |       |     3 |     5 |     3 |     7 |       |    11 |    22 ||    52
   Stab: Confused          |     1 |       |     2 |     3 |       |     3 |     1 |     1 |       ||    11
         Distracted        |       |       |       |     1 |     4 |     2 |     3 |       |       ||    10
         Petrified         |       |       |       |     1 |     2 |    10 |       |       |       ||    13
         Petrifying        |       |       |       |       |     1 |       |       |       |       ||     1
         Paralysed         |       |       |       |       |       |     2 |     3 |       |       ||     5
         Sleeping          |       |       |       |       |       |       |     1 |       |       ||     1
 Armour: Leather armour    |    50 |    15 |       |       |       |       |       |       |       ||    65
         Scale mail        |       |    70 |   242 |   131 |   495 |   183 |       |       |       ||  1121
         Crystal plate arm |       |       |       |       |       |  1440 |   638 |   765 |   737 ||  3580
         Skin              |       |       |       |       |       |     4 |       |       |       ||     4
  Dodge: Dodged            |    50 |    50 |   158 |   138 |   555 |   975 |   526 |   877 |   897 ||  4226
  Block: Other             |       |       |       |    36 |   178 |   377 |   143 |       |       ||   734
         Reflection        |       |       |       |     1 |     6 |    10 |    13 |    44 |    11 ||    85
         Kite shield       |       |       |       |       |       |       |       |  1184 |  1124 ||  2308

Levels and vault maps discovered:
D:1:      dpeg_arrival_tiny_c, layout_basic, kennysheep_flooded_box,
          minmay_rat_gold_closets
D:2:      minmay_wonky_spiral, layout_loops_cross, uniq_robin
D:3:      kennysheep_big_flooded_room, layout_loops_ring, serial_shops, shop,
          hellmonk_no_cap, uniq_natasha, uniq_ijyb
D:4:      layout_basic, nicolae_ru_path_of_blood, minmay_temple_entry_wispy,
          minmay_shop_damaged
D:5:      layout_loops_cross, chequers_temple_overflow_statue_of_worship,
          nicolae_uskayaw_dance_hall, lightli_temple_of_fire,
          portal_sewer_entry_a
D:6:      layout_layer_cave, nemelex_diamond_rough_becter, elyvilon_altar_4,
          uniq_crazy_yiuf_cottage, uniq_duvessa, uniq_sigmund,
          uniq_blork_the_orc, uniq_prince_ribbit1
D:7:      layout_rooms, grunt_gozag_statues, kennysheep_doodads,
          nicolae_shop_fire_sale [nicolae_sub_dead_trees], uniq_pikel
D:8:      layout_loops_corners, mainiacjoe_overflow_alcove_2, uniq_psyche,
          uniq_grum, uniq_maggie, uniq_amaemon
D:9:      layout_basic, eino_small_chamber_without_monster
D:10:     layout_roguey, grunt_temple_overflow_forces_of_nature,
          dpeg_lair_monsters, ebering_ghost_disaster_area, minmay_misc_feat_x,
          nicolae_island_escapes, uniq_snorg, uniq_nergalle, uniq_fannar
D:11:     layout_rooms
D:12:     layout_stronghold, hiddenorc2_lemuel, minmay_puff, uniq_frances
D:13:     minmay_inner_zag, layout_basic, serial_demonic, serial_demonic_d,
          serial_demonic_e, serial_demonic_g, serial_demonic_e
D:14:     layout_roguey, erik_vaults_2, st_stairs_9, hangedman_corner_corridor
D:15:     grunt_enter_depths_giant_problem, layout_gridville,
          serial_park_square2
Lair:1:   layout_layer_cave
Lair:2:   layout_roguey, minmay_swamp_entry_worms, spider_nest_entry_a
Lair:3:   layout_hall_layers, chequers_serial_rivers_micro_b
Lair:4:   layout_cave_shapes, slime_entry_1, nicolae_volcano_entry_hallway
Lair:5:   minmay_lair_end_enchanted_forest, layout_long_grid,
          guppyfry_lair_drakes, grunt_megastairs_4
Swamp:1:  layout_falls_marsh, evilmike_swamp_ruin_rubble_1
Swamp:2:  layout_basic_swamp, evilmike_swamp_ruin_house_4, swamp_pool2
Swamp:3:  layout_basic_swamp, evilmike_swamp_ruin_house_5
Swamp:4:  swamp_old_school, layout_basic_swamp, uniq_roxanne
Spider:1: layout_spider_delve, worms_lemuel, hangedman_spider_tarantella_strand,
          uniq_louise, uniq_azrael
Spider:2: layout_chambers
Spider:3: layout_spider_delve, nicolae_spider_cling_halls
Spider:4: grunt_spider_rune_circles, portal_ice_cave_entry_ice_statue_one
Slime:1:  layout_caves
Slime:2:  layout_caves, cheibrodos_slime_lost_civilization_5, uniq_dissolution
Slime:3:  layout_caves
Slime:4:  layout_caves, dissolution_awaits
Slime:5:  slime_pit
Orc:1:    layout_diamond_mine, uniq_maurice, uniq_erolcha
Orc:2:    st_orc_ogre_mass, layout_diamond_mine, serial_shops, statue_bzr,
          uniq_jorgrun
Elf:1:    elf_arrival_001, layout_onion_city, serial_shops, shop,
          dk_noncrumbling_3, hangedman_research_thermodynamics, uniq_kirke
Elf:2:    elven_hall_of_blades_hangedman_alternative
          [nicolae_blade_entry_crossed_weapons], layout_geoelf_diagonals
Elf:3:    elf_hall, layout_geoelf_grid, serial_shops, nicolae_shop_hallway_plus,
          lemuel_flamethrower_2
Vaults:1: nicolae_vaults_double_plus_2, nicolae_vaults_double_plus_1,
          ontoclasm_vaults_fault, nicolae_vaults_double_plus_2,
          hangedman_vaults_trim, layout_vaults_omnigrid
Vaults:2: infiniplex_enter_wizlab_spiral, hangedman_vaults_unwind,
          nicolae_vaults_cornered_office, v_alt_pattern_3,
          ontoclasm_vaults_spin, hangedman_vaults_restitches,
          nicolae_vaults_circle_grid_b, vaults_room_door_ring,
          nicolae_vaults_diagonal_hallway_7, vaults_dpeg_cross,
          vaults_room_door_ring, layout_vaults_omnicross
Vaults:3: nicolae_vaults_network_s, ontoclasm_vaults_bender,
          nicolae_vaults_house_2, v_misc_14, vaults_mumra_chevron,
          nicolae_vaults_double_plus_3, v_misc_2,
          nicolae_vaults_little_squares_2, layout_vaults_big_room,
          dummy_crypt_entry, serial_shops, nicolae_shop_rolling_square
Vaults:4: vaults_room_ringed_pool, nicolae_vaults_double_plus_1, v_misc_9,
          vaults_room_large_hall, v_pattern_4, hangedman_vaults_variations,
          nicolae_vaults_trapezoid_lopsided_2, vaults_dpeg_doors,
          nicolae_vaults_sesquioval_fish, nicolae_vaults_rhombus_6, v_misc_18,
          nicolae_vaults_more_shelving_1, layout_vaults_maze_snakey
Vaults:5
Crypt:1:  layout_gridlike, special_room [special_room_morgue], hex_medium,
          grunt_crypt_arrival_webbed, lemuel_upstairs_altar, uniq_bai_suzhen,
          uniq_donald
Crypt:2:  layout_gridlike, gammafunk_ghost_crypt, corexii_hall_statues_x,
          uniq_sojobo, uniq_vv
Crypt:3:  david_glass_crypt, layout_chaotic_city,
          nicolae_tomb_entry_rubble_hallway, grunt_megastairs_5
Depths:1: layout_honeycomb, grunt_hell_entry_dis_grunt,
          wad_floor_pattern_untrapped, grunt_ministairs_15, wad_mini_maze,
          uniq_asterion
Depths:2: nicolae_cairo_tiling, layout_cave_shapes, abyss_entry_crystal,
          rand_demon_pan_entry_8, pf_coc_iceberg,
          hangedman_abyss_or_decor_passed, nicolae_elevator_lobby_plus,
          uniq_saint_roka
Depths:3: kennysheep_bubble_arena, layout_cave_pools, enter_ziggurat_f,
          rand_demon_pan_entry_1, lemuel_tele_altar,
          abyss_entry_small_statue_room, hell_entry
Depths:4: evilmike_zot_entry_diamond, layout_gridville,
          grunt_hell_entry_demonic_statue, nicolae_wwwww,
          nicolae_inconvenience_store, grunt_dithmenos_smoke_and_mirrors,
          uniq_mennas
Zot:1:    grunt_zot_stairs_mandelzot, layout_twisted_circle, nzn_ghost_randoct,
          drop_trap
Zot:2:    gammafunk_mikee_crab_dinner, layout_basic
Zot:3:    layout_gridlike, basic_altar
Zot:4:    hangedman_zot_vaults_quadrants, layout_onion
Zot:5:    layout_basic

Notes
Turn   | Place    | Note
-------+----------+-------------------------------------------
     0 | D:1      | demibob the Minotaur Chaos Knight began the quest for the
                  | Orb.
     0 | D:1      | Reached XP level 1. HP: 19/19 MP: 0/0
    38 | D:1      | Reached skill level 4 in Long Blades
    59 | D:1      | Reached XP level 2. HP: 26/26 MP: 1/1
   225 | D:1      | Reached skill level 5 in Long Blades
   225 | D:1      | XOM: divination: detect creatures
   274 | D:1      | Reached XP level 3. HP: 31/31 MP: 2/2
   321 | D:1      | XOM: noise
   741 | D:2      | Noticed Robin
   754 | D:2      | Killed Robin
   935 | D:2      | Reached XP level 4. HP: 39/39 MP: 3/3
   938 | D:2      | Reached skill level 6 in Long Blades
   977 | D:2      | XOM: 5-stop teleportation journey
  1215 | D:2      | XOM: silly message
  1246 | D:2      | XOM: 8-stop teleportation journey
  1314 | D:2      | XOM: confusion (+ monsters)
  1590 | D:3      | Noticed Ijyb
  1597 | D:3      | Killed Ijyb
  1616 | D:3      | XOM: noise
  1691 | D:3      | Noticed Natasha
  1694 | D:3      | Killed Natasha
  1695 | D:3      | Reached XP level 5. HP: 44/45 MP: 4/4
  1726 | D:3      | Found Ynnoapn's Distillery.
  1732 | D:3      | Bought a potion of curing for 42 gold pieces
  1742 | D:3      | Noticed Natasha
  1745 | D:3      | Killed Natasha
  1746 | D:3      | Reached skill level 7 in Long Blades
  1748 | D:3      | Reached skill level 3 in Armour
  2031 | D:3      | Noticed Natasha
  2039 | D:3      | XOM: chaos cloud
  2040 | D:3      | Killed Natasha
  2042 | D:3      | XOM: 1-stop teleportation journey
  2192 | D:3      | XOM: noise
  2249 | D:3      | XOM: god gift: tourmaline ring {god gift}
  2301 | D:3      | Reached XP level 6. HP: 47/51 MP: 5/5
  2308 | D:3      | XOM: confuse monster(s)
  2505 | D:4      | Reached skill level 8 in Long Blades
  2520 | D:4      | Found a staircase to the Ecumenical Temple.
  2528 | D:4      | Noticed a water moccasin
  2532 | D:4      | XOM: cast spell 'Summon Hydra'
  2534 | D:4      | Killed a water moccasin
  2535 | D:4      | Reached skill level 4 in Armour
  2580 | D:4      | XOM: 1-stop teleportation journey
  2584 | D:4      | Reached XP level 7. HP: 56/57 MP: 6/6
  2629 | D:4      | Found Miwnohio's Lightly-Used Armoury.
  2679 | D:4      | Found a sacrificial altar of Ru.
  3016 | D:4      | XOM: scenery: summon butterflies
  3372 | D:5      | Entered Level 5 of the Dungeon
  3395 | D:5      | XOM: cloud trail
  3405 | D:5      | Found a burning altar of Makhleb.
  3429 | D:5      | Reached skill level 9 in Long Blades
  3429 | D:5      | Reached skill level 5 in Armour
  3451 | D:5      | XOM: 1-stop teleportation journey
  3553 | D:5      | XOM: confuse monster(s)
  3596 | D:5      | XOM: confuse monster(s)
  3635 | D:5      | Reached skill level 10 in Long Blades
  3645 | D:5      | XOM: summons 7 friendly demons
  3657 | D:5      | XOM: divination: detect creatures
  3667 | D:5      | Reached skill level 6 in Armour
  3667 | D:5      | Reached XP level 8. HP: 64/64 MP: 7/7
  3712 | D:5      | Found a glowing drain.
  3726 | Sewer    | XOM: stealth player
  3726 | Sewer    | Entered a sewer
  3941 | Sewer    | XOM: 3-stop teleportation journey
  4005 | Sewer    | XOM: god gift: short sword {god gift}
  4149 | D:5      | Found a hide-covered altar of Uskayaw.
  4179 | D:5      | XOM: god gift: 14 gold pieces
  4335 | D:5      | Found a glowing silver altar of Zin.
  4335 | D:5      | Found a snail-covered altar of Cheibriados.
  4335 | D:5      | Found an iron altar of Okawaru.
  4451 | D:6      | Reached skill level 11 in Long Blades
  4489 | D:6      | Noticed Prince Ribbit
  4510 | D:6      | Killed Prince Ribbit
  4511 | D:6      | Reached skill level 7 in Armour
  4544 | D:6      | Found a runed translucent door.
  4545 | D:6      | Noticed Crazy Yiuf
  4661 | D:6      | Reached skill level 12 in Long Blades
  4826 | D:6      | Found a sparkling altar of Nemelex Xobeh.
  5182 | D:6      | Noticed Dowan
  5186 | D:6      | Noticed Sigmund
  5188 | D:6      | Noticed Duvessa
  5188 | D:6      | XOM: divination: magic mapping
  5195 | D:6      | Killed Dowan
  5199 | D:6      | Killed Sigmund
  5200 | D:6      | Reached skill level 8 in Armour
  5200 | D:6      | Reached XP level 9. HP: 70/70 MP: 8/8
  5232 | D:6      | Killed Duvessa
  5378 | D:6      | Noticed Blork the orc
  5383 | D:6      | Killed Blork the orc
  5487 | D:6      | Found a white marble altar of Elyvilon.
  5572 | D:6      | XOM: cloud trail
  5723 | D:6      | XOM: give mutations
  5723 | D:6      | Gained mutation: Your spells are a little harder to cast,
                  | but a little more powerful. [Xom's grace]
  5723 | D:6      | Gained mutation: You passively map a small area around you.
                  | [Xom's grace]
  5723 | D:6      | Gained mutation: You possess an exceptional clarity of
                  | mind. [Xom's grace]
  5952 | D:6      | XOM: god gift: falchion {god gift}
  6090 | D:6      | Killed Crazy Yiuf
  6237 | D:7      | Found an opulent altar of Gozag.
  6242 | D:7      | Noticed Pikel
  6310 | D:7      | Reached skill level 4 in Fighting
  6320 | D:7      | XOM: enchant monster (good)
  6338 | D:7      | Reached skill level 13 in Long Blades
  6338 | D:7      | Reached skill level 2 in Dodging
  6343 | D:7      | XOM: enchant monster (bad)
  6374 | D:6      | XOM: god gift: plate armour {god gift}
  6555 | D:7      | Killed Pikel
  6556 | D:7      | Reached skill level 3 in Dodging
  6594 | D:7      | Found Zeihim Ereag's Fire Supplies.
  6654 | D:7      | Reached skill level 5 in Fighting
  6759 | D:7      | XOM is BORED!
  6896 | D:7      | XOM: cast spell 'Dispersal'
  7024 | D:7      | Identified a potion of resistance
  7069 | D:7      | XOM: cloud trail
  7172 | D:8      | XOM: confuse monster(s)
  7173 | D:8      | XOM: fake destruction
  7196 | D:8      | XOM: divination: detect items
  7244 | D:8      | Identified the +1 helmet of Aluc Sat {Str+3}
  7259 | D:8      | Noticed Psyche
  7261 | D:8      | Killed Psyche
  7262 | D:8      | Reached skill level 14 in Long Blades
  7262 | D:8      | Reached skill level 4 in Dodging
  7362 | D:8      | Found a glowing golden altar of the Shining One.
  7463 | D:8      | XOM: 1-stop teleportation journey
  7557 | D:8      | Noticed Grum
  7567 | D:8      | Killed Grum
  7568 | D:8      | Reached XP level 10. HP: 56/83 MP: 9/9
  7568 | D:8      | XOM: destruction
  7574 | D:8      | Reached skill level 6 in Fighting
  7770 | D:8      | Noticed Amaemon
  7770 | D:8      | Noticed an orange demon
  7779 | D:8      | XOM: silly message
  7784 | D:8      | Killed Amaemon
  7785 | D:8      | XOM: silly message
  7792 | D:8      | Killed an orange demon
  7793 | D:8      | Reached skill level 5 in Dodging
  7793 | D:8      | XOM: give mutation
  7793 | D:8      | Gained mutation: Your skin changes colour to match your
                  | surroundings (Stealth+). [Xom's mischief]
  7866 | D:8      | XOM: give mutations
  7866 | D:8      | Gained mutation: You are agile. (Dex +4, Str/Int -1) [Xom's
                  | mischief]
  7866 | D:8      | Lost mutation: You passively map a small area around you.
                  | [Xom's mischief]
  7866 | D:8      | Gained mutation: You are strong-willed. (Will+) [Xom's
                  | mischief]
  8142 | D:8      | XOM: give mutations
  8142 | D:8      | Lost mutation: Your spells are a little harder to cast, but
                  | a little more powerful. [Xom's mischief]
  8142 | D:8      | Gained mutation: You are vulnerable to cold. (rC-) [Xom's
                  | mischief]
  8150 | D:8      | Noticed Maggie
  8155 | D:8      | Killed Maggie
  8541 | D:9      | Noticed a boulder beetle
  8555 | D:9      | Killed a boulder beetle
  8556 | D:9      | Reached skill level 7 in Fighting
  8556 | D:9      | Reached skill level 15 in Long Blades
  8684 | D:9      | Reached skill level 6 in Dodging
  9085 | D:9      | XOM: give mutations
  9085 | D:9      | Gained mutation: You have supernaturally acute eyesight.
                  | (SInv) [Xom's mischief]
  9085 | D:9      | Gained mutation: You have large cloven feet. [Xom's
                  | mischief]
  9114 | D:10     | Entered Level 10 of the Dungeon
  9152 | D:10     | Noticed Fannar
  9152 | D:10     | XOM: 1-stop teleportation journey
  9160 | D:10     | XOM: confuse monster(s)
  9164 | D:10     | Killed Fannar
  9197 | D:10     | Found Eczihuh's Island Escapes.
  9280 | D:10     | Noticed Snorg
  9302 | D:10     | XOM: blink monster(s)
  9305 | D:10     | XOM: cast spell 'Dispersal'
  9315 | D:10     | Killed Snorg
  9316 | D:10     | Reached skill level 8 in Fighting
  9316 | D:10     | Reached XP level 11. HP: 92/94 MP: 10/10
  9342 | D:10     | Noticed a death yak
  9349 | D:10     | XOM: summons 2 friendly demons
  9357 | D:10     | XOM: confuse monster(s)
  9365 | D:10     | Killed a death yak
  9365 | D:10     | Noticed a death yak
  9366 | D:10     | Reached skill level 16 in Long Blades
  9367 | D:10     | Noticed a death yak
  9370 | D:10     | Found a stormy altar of Qazlal.
  9370 | D:10     | Found a blossoming altar of Fedhas.
  9370 | D:10     | Noticed Nergalle
  9370 | D:10     | XOM: 2-stop teleportation journey
  9377 | D:10     | Killed Nergalle
  9378 | D:10     | Reached skill level 7 in Dodging
  9395 | D:10     | Noticed a two-headed ogre
  9404 | D:10     | Killed a two-headed ogre
  9498 | D:10     | Found a staircase to the Lair.
  9504 | D:10     | XOM: summons 4 friendly demons
  9559 | D:10     | Identified the +1 cloak of the Imp {rPois rN+ Str+4}
  9645 | D:10     | Reached skill level 9 in Fighting
  9669 | D:10     | Bought a scroll of blinking for 90 gold pieces
  9669 | D:10     | Bought a scroll of blinking for 90 gold pieces
  9680 | D:10     | Found a large runed translucent door.
  9680 | D:10     | Found a large runed translucent door.
  9685 | D:10     | Noticed Ekaitz's ghost (novice TeAE)
  9972 | Lair:1   | Entered Level 1 of the Lair of Beasts
 10016 | Lair:1   | Reached skill level 17 in Long Blades
 10048 | Lair:1   | XOM: fake destruction
 10092 | Lair:1   | XOM: summons 2 friendly demons
 10098 | Lair:1   | Reached skill level 8 in Dodging
 10110 | Lair:1   | XOM: fog
 10162 | Lair:1   | XOM: enchant monster (good)
 10185 | Lair:1   | Identified 2 potions of experience
 10186 | Lair:1   | Reached skill level 19 in Long Blades
 10186 | Lair:1   | Reached XP level 12. HP: 106/106 MP: 11/11
 10187 | Lair:1   | Reached skill level 11 in Fighting
 10187 | Lair:1   | Reached skill level 10 in Armour
 10187 | Lair:1   | Reached XP level 13. HP: 117/117 MP: 12/12
 10196 | Lair:1   | XOM: god gift: wand of light (5)
 10574 | Lair:1   | XOM: polymorph basilisk -> fire bat
 10580 | Lair:1   | XOM: confuse monster(s)
 10739 | Lair:2   | XOM: enchant monster (good)
 10753 | Lair:2   | XOM: summons friendly white imp
 10793 | Lair:2   | XOM: summons 3 hostile demons
 10843 | Lair:2   | XOM: cleaving
 10851 | Lair:2   | Reached skill level 1 in Evocations
 10856 | Lair:2   | Reached skill level 12 in Fighting
 10862 | Lair:2   | Reached XP level 14. HP: 101/126 MP: 13/13
 10918 | Lair:2   | Found a hole to the Spider Nest.
 10958 | Lair:2   | XOM: noise
 10973 | Lair:2   | XOM: swap monsters
 10982 | Lair:2   | Reached skill level 20 in Long Blades
 10982 | Lair:2   | Reached skill level 9 in Dodging
 10982 | Lair:2   | Reached skill level 2 in Evocations
 11034 | Lair:2   | Found a staircase to the Swamp.
 11059 | Lair:2   | XOM: polymorph tyrant leech -> wolf spider
 11062 | Lair:2   | XOM: summons friendly iron imp
 11092 | Lair:2   | Reached skill level 3 in Evocations
 11163 | Lair:2   | XOM: give mutations
 11163 | Lair:2   | Lost mutation: You are strong-willed. (Will+) [Xom's
                  | mischief]
 11163 | Lair:2   | Gained mutation: Your system is resistant to poisons.
                  | (rPois) [Xom's mischief]
 11223 | Lair:2   | XOM: smoke on damage
 11267 | Lair:2   | XOM: give mutations
 11267 | Lair:2   | Lost mutation: You are agile. (Dex +4, Str/Int -1) [Xom's
                  | mischief]
 11267 | Lair:2   | Gained mutation: You are weak. (Str -2) [Xom's mischief]
 11493 | Lair:3   | XOM: divination: detect items
 11503 | Lair:3   | XOM: enchant monster (good)
 11513 | Lair:3   | XOM: summons 2 friendly demons
 11523 | Lair:3   | Reached skill level 13 in Fighting
 11527 | Lair:3   | Reached skill level 10 in Dodging
 11527 | Lair:3   | Reached skill level 4 in Evocations
 11556 | Lair:3   | XOM: summons friendly quasit
 11557 | Lair:3   | XOM: noise
 11757 | Lair:3   | Identified the amulet of the Queen {Spirit rElec rPois}
 12356 | Lair:4   | Found a staircase to the Slime Pits.
 12356 | Lair:4   | Found a viscous altar of Jiyva.
 12433 | Lair:4   | XOM: god gift: 9 stones
 12458 | Lair:4   | Found a dark tunnel.
 12467 | Lair:4   | XOM: silly message
 12625 | Lair:4   | XOM: draining
 12833 | Lair:4   | XOM is BORED!
 12885 | Lair:5   | Entered Level 5 of the Lair of Beasts
 12928 | Lair:5   | Reached skill level 5 in Evocations
 12988 | Lair:5   | XOM: chaos cloud
 13075 | Lair:5   | XOM: silly message
 13088 | Lair:5   | Reached skill level 11 in Dodging
 13128 | Lair:5   | XOM: give mutations
 13128 | Lair:5   | Gained mutation: You occasionally lose the ability to drink
                  | potions when taking damage. [Xom's mischief]
 13128 | Lair:5   | Lost mutation: You are vulnerable to cold. (rC-) [Xom's
                  | mischief]
 13128 | Lair:5   | Lost mutation: Your skin changes colour to match your
                  | surroundings (Stealth+). [Xom's mischief]
 13135 | Lair:5   | Reached skill level 14 in Fighting
 13252 | Lair:5   | XOM: polymorph boggart -> glowing shapeshifter
 13574 | Lair:5   | Reached skill level 6 in Evocations
 13722 | Lair:5   | XOM: scenery: create altars
 14034 | Lair:5   | XOM: divination: detect items
 14158 | Lair:5   | XOM: cast spell 'Summon Cactus Giant'
 14168 | Lair:5   | Reached XP level 15. HP: 139/139 MP: 14/14
 14202 | Lair:5   | XOM: divination: detect items
 14414 | Lair:5   | Reached skill level 12 in Dodging
 14414 | Lair:5   | Reached skill level 7 in Evocations
 14444 | Lair:5   | Identified the +2 sling of Omihoz {drain, rElec}
 14561 | Lair:5   | XOM: silly message
 14822 | D:11     | You fall into a shaft and drop 2 floors!
 14865 | D:13     | XOM: noise
 14871 | D:13     | Reached skill level 15 in Fighting
 14984 | D:11     | XOM: divination: detect items
 14993 | D:11     | XOM: 1-stop teleportation journey
 15368 | D:11     | XOM: silly message
 15642 | D:12     | XOM: 2-stop teleportation journey
 15792 | D:12     | XOM: give mutations
 15792 | D:12     | Gained mutation: You are dopey. (Int -2) [Xom's mischief]
 15792 | D:12     | Lost mutation: You occasionally lose the ability to drink
                  | potions when taking damage. [Xom's mischief]
 16078 | D:12     | Found a staircase to the Orcish Mines.
 16232 | D:12     | XOM: summons friendly shadow imp
 16273 | D:12     | Noticed Frances
 16278 | D:12     | XOM: stat loss: -1 Dex (17/18)
 16283 | D:12     | Killed Frances
 16345 | D:12     | XOM: enchant monster (good)
 16346 | D:12     | XOM: enchant monster (bad)
 16631 | D:13     | XOM: enchant monster (bad)
 16635 | D:13     | Reached skill level 8 in Evocations
 16694 | D:13     | XOM: confuse monster(s)
 16719 | D:13     | XOM: 2-stop teleportation journey
 16755 | D:13     | Gained mutation: Your body sometimes deteriorates upon
                  | taking damage. [a neqoxec]
 16761 | D:13     | XOM: 3-stop teleportation journey
 16921 | D:13     | XOM: confuse monster(s)
 17334 | D:13     | Reached skill level 13 in Dodging
 17507 | D:12     | XOM: god gift: wand of digging (8)
 17510 | Orc:1    | Entered Level 1 of the Orcish Mines
 17510 | Orc:1    | Noticed Maurice
 17514 | Orc:1    | Killed Maurice
 17518 | Orc:1    | XOM: 1-stop teleportation journey
 17529 | Orc:1    | Noticed Erolcha
 17530 | Orc:1    | XOM: summons friendly quasit
 17599 | Orc:1    | XOM: scenery: summon butterflies
 17606 | Orc:1    | Killed Erolcha
 17763 | Orc:1    | XOM: divination: detect creatures
 17851 | Orc:2    | Entered Level 2 of the Orcish Mines
 17951 | Orc:2    | Reached skill level 16 in Fighting
 17958 | Orc:2    | XOM: noise
 18037 | Orc:2    | XOM: divination: detect creatures
 18045 | Orc:2    | XOM: noise
 18097 | Orc:2    | Reached skill level 11 in Armour
 18159 | Orc:2    | Found a gateway to a bazaar.
 18207 | Orc:2    | XOM: potion effect (brilliance)
 18211 | Orc:2    | XOM: noise
 18212 | Orc:2    | XOM: silly message
 18217 | Orc:2    | Found Tumn's Armour Shop.
 18217 | Orc:2    | Found Hokonu's Antique Armour Shoppe.
 18220 | Orc:2    | Found Zeur's General Store.
 18220 | Orc:2    | Found Zuecvous's Assorted Antiques.
 18229 | Orc:2    | XOM: potion effect (brilliance)
 18236 | Orc:2    | XOM: noise
 18244 | Orc:2    | Noticed Jorgrun
 18255 | Orc:2    | XOM: noise
 18258 | Orc:2    | Killed Jorgrun
 18259 | Orc:2    | Reached skill level 12 in Armour
 18259 | Orc:2    | Reached XP level 16. HP: 154/154 MP: 15/15
 18263 | Orc:2    | Reached skill level 17 in Fighting
 18463 | Orc:2    | XOM: silly message
 18534 | Orc:2    | XOM: 3-stop teleportation journey
 18541 | Orc:2    | XOM: divination: magic mapping
 18619 | Orc:2    | Found a staircase to the Elven Halls.
 18771 | Orc:2    | XOM: noise
 19002 | Orc:1    | XOM: silly message
 19073 | Orc:1    | XOM: divination: detect items
 19076 | Orc:1    | XOM: enchant monster (good)
 19084 | Orc:1    | XOM: noise
 19176 | Orc:2    | XOM: silly message
 19193 | Orc:1    | XOM: silly message
 19342 | D:14     | XOM: cast spell 'Call Canine Familiar'
 19381 | D:14     | Identified the +0 rapier of Zouv {flame, Fly rN+ Will+
                  | Str-2}
 19410 | D:14     | Reached skill level 13 in Armour
 19530 | D:14     | Found a gate to the Vaults.
 19539 | D:14     | XOM: polymorph vault guard -> broodmother
 19549 | D:14     | XOM: scenery: summon butterflies
 19572 | D:14     | Identified the +7 long sword "Worm" {freeze, rElec rF+
                  | Str+2}
 19662 | D:14     | Reached skill level 18 in Fighting
 19948 | D:14     | XOM: fake destruction
 19961 | D:14     | Reached skill level 14 in Armour
 20073 | D:14     | XOM: give mutation
 20073 | D:14     | Gained mutation: You expend magic power (3 MP) to
                  | strengthen your wands. [Xom's grace]
 20282 | D:15     | Entered Level 15 of the Dungeon
 20371 | D:15     | XOM: enchant monster (good)
 20748 | D:15     | XOM: summons 12 friendly demons
 20863 | D:15     | Found a staircase to the Depths.
 20867 | D:15     | XOM: polymorph fire giant -> glowing shapeshifter
 20982 | D:15     | XOM: 1-stop teleportation journey
 21329 | Orc:2    | Bought the +8 orange crystal plate armour {Archmagi, Int+3
                  | Clar} for 2312 gold pieces
 21329 | Orc:2    | Found the +8 orange crystal plate armour {Archmagi, Int+3
                  | Clar}
 21347 | Orc:2    | XOM: god gift: 30 gold pieces
 21557 | Spider:1 | Entered Level 1 of the Spider Nest
 21566 | Spider:1 | XOM: summons 3 friendly demons
 21571 | Spider:1 | XOM: destruction
 21576 | Spider:1 | XOM: divination: detect creatures
 21580 | Spider:1 | XOM: god gift: 2 atropa-tipped darts
 21588 | Spider:1 | XOM: enchant monster (good)
 21755 | Spider:1 | XOM: 1-stop teleportation journey
 21780 | Spider:1 | XOM: noise
 21791 | Spider:1 | Noticed Azrael
 21805 | Spider:1 | Killed Azrael
 21808 | Spider:1 | XOM: noise
 21809 | Spider:1 | Reached skill level 19 in Fighting
 21819 | Spider:1 | Reached skill level 15 in Armour
 22273 | Spider:1 | Noticed Louise
 22285 | Spider:1 | XOM: silly message
 22288 | Spider:1 | Killed Louise
 22292 | Spider:1 | XOM: cleaving
 22406 | Spider:1 | Got the Catalogue of Air
 22539 | Spider:1 | XOM: cloud trail
 22582 | Spider:1 | XOM: give mutation
 22582 | Spider:1 | Gained mutation: Your spells are a little harder to cast,
                  | but a little more powerful. [Xom's grace]
 22614 | Spider:1 | Reached XP level 17. HP: 147/165 MP: 16/16
 22812 | Spider:2 | XOM: blink monster(s)
 22848 | Spider:2 | XOM: polymorph steelbarb worm -> anaconda
 23064 | Spider:2 | Reached skill level 16 in Armour
 23147 | Spider:2 | XOM: cast spell 'Summon Horrible Things'
 23180 | Spider:2 | Got the Secrets of Thunder and Virulence
 23307 | Spider:2 | XOM: give mutations
 23307 | Spider:2 | Gained mutation: Your spells are harder to cast, but more
                  | powerful. [Xom's grace]
 23307 | Spider:2 | Gained mutation: Your spells are much harder to cast, but
                  | much more powerful. [Xom's grace]
 23451 | Spider:2 | Reached skill level 20 in Fighting
 23559 | Spider:2 | XOM: scenery: create altars
 23627 | Spider:2 | XOM: cloud trail
 23676 | Spider:2 | XOM: potion effect (haste)
 23871 | Spider:3 | XOM: divination: detect creatures
 23903 | Spider:3 | XOM: enchant monster (good)
 24058 | Spider:3 | XOM: summons 4 hostile shadow creatures
 24723 | Spider:4 | Entered Level 4 of the Spider Nest
 24738 | Spider:4 | XOM: chaos cloud
 24787 | Spider:4 | Reached skill level 17 in Armour
 24789 | Spider:4 | XOM: 1-stop teleportation journey
 24792 | Spider:4 | Got a gossamer rune of Zot
 24853 | Spider:4 | Found a frozen archway.
 24876 | IceCv    | Entered an ice cave
 25404 | IceCv    | XOM: scenery: summon butterflies
 25407 | IceCv    | XOM: blink monster(s)
 25531 | IceCv    | XOM: enchant monster (bad)
 25534 | IceCv    | XOM: chaos cloud
 25540 | IceCv    | XOM: enchant monster (bad)
 25884 | IceCv    | Noticed an Ice Fiend
 26176 | IceCv    | XOM: summons 8 hostile demons
 26308 | IceCv    | XOM: summons 3 hostile shadow creatures
 26492 | Spider:4 | XOM: give mutations
 26492 | Spider:4 | Lost mutation: Your body sometimes deteriorates upon taking
                  | damage. [Xom's mischief]
 26492 | Spider:4 | Lost mutation: You have large cloven feet. [Xom's mischief]
 26547 | Spider:4 | Reached skill level 21 in Fighting
 26653 | Spider:4 | XOM: swap monsters
 26655 | Spider:4 | XOM: swap monsters
 26677 | Spider:4 | XOM: blink monster(s)
 26686 | Spider:4 | Reached skill level 18 in Armour
 26728 | Spider:4 | XOM: swap monsters
 26776 | Spider:4 | XOM: give mutations
 26776 | Spider:4 | Lost mutation: You possess an exceptional clarity of mind.
                  | [Xom's mischief]
 26776 | Spider:4 | Lost mutation: You have supernaturally acute eyesight.
                  | (SInv) [Xom's mischief]
 27069 | Spider:4 | XOM: chaos cloud
 27078 | Spider:4 | Paralysed by you for 3 turns
 27086 | Spider:4 | Reached XP level 18. HP: 146/183 MP: 17/17
 27172 | Spider:4 | Identified the +0 hat of Inference {rPois Str+4}
 27673 | Vaults:1 | Entered Level 1 of the Vaults
 27717 | Vaults:1 | XOM: noise
 27719 | Vaults:1 | XOM: enchant monster (good)
 27727 | Vaults:1 | XOM: enchant monster (bad)
 27737 | Vaults:1 | XOM: silly message
 27755 | Vaults:1 | XOM: summons 3 hostile demons
 27918 | Vaults:1 | XOM: give mutations
 27918 | Vaults:1 | Lost mutation: You are weak. (Str -2) [Xom's mischief]
 27918 | Vaults:1 | Lost mutation: Your system is resistant to poisons. (rPois)
                  | [Xom's mischief]
 27918 | Vaults:1 | Gained mutation: Your muscles are strong. (Str +4, Int/Dex
                  | -1) [Xom's mischief]
 28019 | Vaults:1 | Reached skill level 22 in Fighting
 28022 | Vaults:1 | XOM: 1-stop teleportation journey
 28117 | Vaults:1 | XOM: cast spell 'Cause Fear'
 28120 | Vaults:1 | Reached skill level 19 in Armour
 28182 | Vaults:1 | XOM: polymorph deep troll -> glowing shapeshifter
 28190 | Vaults:1 | XOM: enchant monster (bad)
 28192 | Vaults:1 | XOM: summons friendly iron imp
 28193 | Vaults:1 | XOM: enchant monster (bad)
 28270 | Vaults:1 | XOM: summons friendly ufetubus
 28275 | Vaults:1 | XOM: enchant monster (good)
 28282 | Vaults:1 | XOM: divination: magic mapping
 28286 | Vaults:1 | XOM: summons friendly ufetubus
 28380 | Vaults:1 | XOM: summons 16 friendly demons
 28578 | Vaults:1 | XOM: blink monster(s)
 29106 | Vaults:2 | Paralysed by a formless jellyfish for 1 turns
 29225 | Vaults:2 | XOM: enchant monster (bad)
 29226 | Vaults:2 | XOM: enchant monster (good)
 29242 | Vaults:2 | Reached skill level 20 in Armour
 29474 | Vaults:2 | Reached skill level 23 in Fighting
 29513 | Vaults:2 | HP: 17/188 [ironbound thunderhulk/bolt of lightning (38)]
 29592 | Vaults:2 | HP: 17/188 [ironbound thunderhulk/bolt of lightning (40)]
 29778 | Vaults:2 | XOM: give mutation
 29778 | Vaults:2 | Lost mutation: Your spells are much harder to cast, but
                  | much more powerful. [Xom's mischief]
 29784 | Vaults:2 | XOM: 3-stop teleportation journey
 30087 | Vaults:2 | XOM: give mutations
 30087 | Vaults:2 | Gained mutation: Your system is resistant to poisons.
                  | (rPois) [Xom's grace]
 30087 | Vaults:2 | Gained mutation: Your natural rate of healing is unusually
                  | fast. [Xom's grace]
 30102 | Vaults:2 | XOM: 4-stop teleportation journey
 30229 | Vaults:2 | XOM: summons friendly crimson imp
 30275 | Vaults:2 | XOM: scenery: 1 doors close
 30566 | Vaults:2 | You are cast into the Abyss!
 30566 | Abyss:2  | Found a corrupted altar of Lugonu.
 30566 | Abyss:2  | Cast into level 2 of the Abyss (a wizard)
 30776 | Abyss:2  | XOM: cast spell 'Summon Cactus Giant'
 30776 | Abyss:2  | Paralysed by accursed screaming for 1 turns
 30780 | Abyss:2  | XOM: blink monster(s)
 30902 | Abyss:2  | XOM: divination: magic mapping
 30938 | Abyss:2  | XOM: noise
 30963 | Abyss:2  | XOM: enchant monster (good)
 30975 | Abyss:2  | Reached XP level 19. HP: 198/198 MP: 18/18
 31004 | Vaults:2 | You pass through the gate.
 31004 | Vaults:2 | Escaped the Abyss
 31005 | Vaults:2 | XOM: fog
 31064 | Vaults:2 | XOM: enchant monster (good)
 31068 | Vaults:2 | Reached skill level 21 in Armour
 31358 | Vaults:2 | XOM: give mutations
 31358 | Vaults:2 | Lost mutation: You expend magic power (3 MP) to strengthen
                  | your wands. [Xom's mischief]
 31358 | Vaults:2 | Lost mutation: Your muscles are strong. (Str +4, Int/Dex
                  | -1) [Xom's mischief]
 31358 | Vaults:2 | Lost mutation: You are dopey. (Int -2) [Xom's mischief]
 31498 | Vaults:3 | XOM: fog
 31533 | Vaults:3 | XOM: summons friendly crimson imp
 31548 | Vaults:3 | XOM: destruction
 31560 | Vaults:3 | XOM: summons friendly white imp
 31573 | Vaults:3 | Reached skill level 24 in Fighting
 31580 | Vaults:3 | XOM: cast spell 'Summon Horrible Things'
 31681 | Vaults:3 | XOM: fog
 31685 | Vaults:3 | XOM: scenery: summon butterflies
 31698 | Vaults:3 | XOM: scenery: 1 doors open
 31907 | Vaults:3 | Found Teript's Weapon Boutique.
 31953 | Vaults:3 | Found a staircase to the Crypt.
 31975 | Vaults:3 | XOM: polymorph yaktaur -> elephant
 32000 | Vaults:3 | XOM: summons friendly iron imp
 32007 | Vaults:3 | XOM: divination: magic mapping
 32013 | Vaults:3 | Reached skill level 14 in Dodging
 32061 | Vaults:3 | XOM: give mutations
 32061 | Vaults:3 | Gained mutation: You are agile. (Dex +4, Str/Int -1) [Xom's
                  | grace]
 32061 | Vaults:3 | Gained mutation: Your mind is acute. (Int +4, Str/Dex -1)
                  | [Xom's grace]
 32061 | Vaults:3 | Gained mutation: You are very agile. (Dex +8, Str/Int -2)
                  | [Xom's grace]
 32061 | Vaults:3 | Gained mutation: You are resistant to electric shocks.
                  | (rElec) [Xom's grace]
 32181 | Vaults:3 | XOM: fake destruction
 32822 | Vaults:4 | XOM: potion effect (experience)
 32822 | Vaults:4 | Reached skill level 15 in Dodging
 32822 | Vaults:4 | Reached XP level 20. HP: 207/207 MP: 19/19
 32861 | Vaults:4 | XOM: cast spell 'Cause Fear'
 32884 | Vaults:4 | Paralysed by a great orb of eyes for 3 turns
 32885 | Vaults:4 | XOM: scenery: summon butterflies
 32890 | Vaults:4 | XOM: enchant monster (bad)
 32899 | Vaults:4 | XOM: 3-stop teleportation journey
 32916 | Vaults:4 | Reached skill level 22 in Armour
 33114 | Vaults:4 | XOM: scenery: 1 doors open, 1 doors close
 33249 | Vaults:4 | XOM: silly message
 33269 | Vaults:4 | XOM: noise
 33305 | Vaults:4 | Reached skill level 16 in Dodging
 33546 | Vaults:4 | XOM: divination: magic mapping
 33550 | Vaults:4 | XOM: 4-stop teleportation journey
 33559 | Vaults:4 | Reached XP level 21. HP: 216/216 MP: 20/20
 33560 | Vaults:4 | XOM: summons 3 friendly demons
 33561 | Vaults:4 | XOM: enchant monster (good)
 33575 | Vaults:4 | Reached skill level 25 in Fighting
 33655 | Vaults:4 | XOM: scenery: 1 doors open, 2 doors close
 33977 | Elf:1    | Entered Level 1 of the Elven Halls
 34185 | Elf:1    | Found Notiuf's Distillery.
 34189 | Elf:1    | Bought a potion of heal wounds for 55 gold pieces
 34631 | Elf:1    | Got the Excursus on the Snowflakes
 34674 | Elf:1    | Noticed Kirke
 34685 | Elf:1    | XOM: potion effect (brilliance)
 34687 | Elf:1    | Killed Kirke
 35013 | Elf:2    | XOM: noise
 35070 | Elf:2    | Identified the +2 long sword of Conscience {drain, Dex+3}
 35159 | Elf:2    | XOM: polymorph deep elf zephyrmancer -> fire crab
 35180 | Elf:2    | XOM: noise
 35248 | Elf:2    | Reached skill level 23 in Armour
 35309 | Elf:2    | Reached skill level 17 in Dodging
 35421 | Elf:2    | Found a huge runed translucent gate.
 35421 | Elf:2    | Found a huge runed translucent gate.
 35422 | Elf:2    | Found a huge runed translucent gate.
 35423 | Elf:2    | Found a huge runed translucent gate.
 35427 | Elf:2    | Found a huge runed translucent gate.
 35528 | Elf:2    | XOM: scenery: 1 doors close
 35710 | Elf:3    | Entered Level 3 of the Elven Halls
 35778 | Elf:3    | XOM: summons 2 friendly demons
 35951 | Elf:3    | XOM: polymorph deep elf knight -> sea snake
 36092 | Elf:3    | Found Imeol's Distillery.
 36097 | Elf:3    | Bought 3 potions of heal wounds for 285 gold pieces
 36097 | Elf:3    | Bought a potion of heal wounds for 95 gold pieces
 36215 | Elf:3    | XOM: blink monster(s)
 36365 | Elf:3    | Identified the +9 long sword "Pendulum" {heavy, rElec Str+3
                  | Dex+3}
 36367 | Elf:3    | XOM: polymorph deep elf death mage -> formless jellyfish
 36489 | Elf:3    | XOM: confuse monster(s)
 36521 | Elf:3    | Identified the +5 great sword "Jedwuduc" {flame, rPois}
 36535 | Elf:3    | Identified the staff "Yzatak" {rN+ Conj}
 36539 | Elf:3    | Reached skill level 26 in Fighting
 36576 | Elf:3    | XOM: noise
 36579 | Elf:3    | XOM: polymorph something unseen -> shining eye
 36580 | Elf:3    | Gained mutation: You occasionally lose the ability to read
                  | scrolls when taking damage. [a shining eye]
 36609 | Elf:3    | XOM: swap monsters
 36742 | Elf:3    | XOM: summons 9 hostile demons
 36788 | Elf:3    | XOM: 1-stop teleportation journey
 36818 | Elf:3    | Identified the ring "Juajal" {Fly rElec Will+ Dex+3}
 36834 | Elf:3    | Identified the ring of Loeqaint {rElec Slay+2 SInv}
 36834 | Elf:3    | XOM: summons 2 friendly demons
 36838 | Elf:3    | Identified the +11 war axe "Ujalek Kawu" {holy, rC+}
 36870 | Elf:3    | XOM: silly message
 36907 | Elf:3    | XOM: summons 8 hostile demons
 36966 | Elf:3    | Identified the +9 glaive "Jellybane" {freeze, Fly rF- rC+}
 36982 | Elf:3    | Reached skill level 18 in Dodging
 36982 | Elf:3    | Reached XP level 22. HP: 229/229 MP: 21/21
 37067 | Elf:3    | Identified the +1 sling "Keih" {speed, rF+}
 37485 | D:10     | XOM: noise
 37538 | Swamp:1  | Entered Level 1 of the Swamp
 37589 | Swamp:1  | Reached skill level 1 in Shields
 37645 | Swamp:1  | Reached skill level 2 in Shields
 37792 | Swamp:1  | Reached skill level 3 in Shields
 37888 | Swamp:1  | XOM: silly message
 37989 | Swamp:2  | Reached skill level 4 in Shields
 38003 | Swamp:2  | XOM: swap monsters
 38008 | Swamp:2  | Identified the +1 shortbow of Lizoefo {freeze, Str+2 Dex+4
                  | Stlth+}
 38019 | Swamp:2  | Reached skill level 5 in Shields
 38185 | Swamp:2  | Reached skill level 6 in Shields
 38187 | Swamp:2  | XOM: swap monsters
 38488 | Swamp:3  | XOM: noise
 38498 | Swamp:3  | XOM: noise
 38510 | Swamp:3  | XOM: summons friendly white imp
 38512 | Swamp:3  | Reached skill level 7 in Shields
 38565 | Swamp:3  | XOM: swap monsters
 38572 | Swamp:3  | Reached skill level 8 in Shields
 38681 | Swamp:3  | Identified the +8 war axe of the Extremes {freeze, rN+
                  | rCorr MP+9 Int-4}
 38814 | Swamp:3  | XOM: give mutations
 38814 | Swamp:3  | Lost mutation: You are very agile. (Dex +8, Str/Int -2)
                  | [Xom's mischief]
 38814 | Swamp:3  | Lost mutation: You are resistant to electric shocks.
                  | (rElec) [Xom's mischief]
 38980 | Swamp:4  | XOM: stealth player
 38980 | Swamp:4  | Entered Level 4 of the Swamp
 38981 | Swamp:4  | XOM: silly message
 38998 | Swamp:4  | Identified the ring "Roix" {+Blink rF+ rN+ Int+2 Stlth-}
 39012 | Swamp:4  | Noticed Roxanne
 39100 | Swamp:4  | Reached skill level 9 in Shields
 39115 | Swamp:4  | Noticed the 27-headed Lernaean hydra
 39119 | Swamp:4  | XOM: cast spell 'Olgreb's Toxic Radiance'
 39133 | Swamp:4  | Killed the 27-headed Lernaean hydra
 39145 | Swamp:4  | Reached skill level 10 in Shields
 39154 | Swamp:4  | XOM: blink monster(s)
 39166 | Swamp:4  | XOM: 3-stop teleportation journey
 39412 | Swamp:4  | Reached skill level 11 in Shields
 39455 | Swamp:4  | XOM: 8-stop teleportation journey
 39471 | Swamp:4  | Killed Roxanne
 39583 | Swamp:4  | Got a decaying rune of Zot
 39664 | Swamp:4  | XOM: summons 2 hostile shadow creatures
 39771 | Lair:4   | Fell from the grace of Xom
 39771 | Lair:4   | Became a worshipper of Jiyva Jienn the Shapeless
 40091 | Crypt:1  | Entered Level 1 of the Crypt
 40165 | Crypt:1  | Reached skill level 12 in Shields
 40400 | Crypt:1  | Reached skill level 13 in Shields
 40558 | Crypt:1  | Reached * piety under Jiyva
 40639 | Crypt:1  | Noticed Donald
 40646 | Crypt:1  | Killed Donald
 40662 | Crypt:1  | Noticed Bai Suzhen
 40677 | Crypt:1  | Killed Bai Suzhen
 40682 | Crypt:1  | Lost mutation: You occasionally lose the ability to read
                  | scrolls when taking damage. [potion of mutation]
 40682 | Crypt:1  | Lost mutation: You are agile. (Dex +4, Str/Int -1) [potion
                  | of mutation]
 40682 | Crypt:1  | Gained mutation: You passively dampen the noise of your
                  | surroundings. [potion of mutation]
 40682 | Crypt:1  | Gained mutation: You are somewhat resistant to further
                  | mutation. [potion of mutation]
 40784 | Crypt:1  | Got the Catalogue of the Catacomb
 40812 | Crypt:1  | Reached skill level 14 in Shields
 40825 | Crypt:1  | Paralysed by something for 5 turns
 40951 | Crypt:1  | Reached ** piety under Jiyva
 40979 | Crypt:1  | Noticed a curse skull
 40999 | Crypt:1  | Killed a curse skull
 41119 | Crypt:1  | XOM: stat loss: -3 Int (13/16)
 41178 | Crypt:1  | XOM: swap monsters
 41298 | Crypt:2  | Noticed Sojobo
 41330 | Crypt:2  | Killed Sojobo
 41331 | Crypt:2  | Reached skill level 15 in Shields
 41430 | Crypt:2  | Noticed a curse skull
 41439 | Crypt:2  | Killed a curse skull
 41532 | Crypt:2  | Noticed Vv
 41558 | Crypt:2  | Killed Vv
 41674 | Crypt:2  | Reached *** piety under Jiyva
 41714 | Crypt:2  | Reached XP level 23. HP: 119/238 MP: 22/22
 41798 | Crypt:2  | Found a runed translucent gate.
 41798 | Crypt:2  | Found a runed translucent gate.
 41798 | Crypt:2  | Found a runed translucent gate.
 41798 | Crypt:2  | Found an ancient bone altar of Kikubaaqudgha.
 41798 | Crypt:2  | Noticed a dread lich
 41799 | Crypt:2  | Noticed Rakupo Megg's ghost (veteran GrEE)
 41799 | Crypt:2  | Noticed Hegoitz's ghost (veteran MiGl)
 41799 | Crypt:2  | Noticed an ancient lich
 41836 | Crypt:2  | Killed a dread lich
 41837 | Crypt:2  | Reached skill level 24 in Armour
 41855 | Crypt:2  | Killed Hegoitz's ghost
 41860 | Crypt:2  | Killed an ancient lich
 41867 | Crypt:2  | Killed Rakupo Megg's ghost
 41876 | Crypt:2  | Identified the ring of Due Proportion {rElec Int+6}
 41881 | Crypt:2  | Identified the +1 hat of Sif Muna's Indignation {rC+
                  | Slay+2}
 41886 | Crypt:2  | Got Kikubaaqudgha's Grimoire of Mortification
 41889 | Crypt:2  | Identified the +6 glaive "Qizxir" {heavy, *Slow rF+ rN+
                  | Int+3}
 41906 | Crypt:2  | Reached skill level 16 in Shields
 41926 | Crypt:2  | Lost mutation: Your system is resistant to poisons. (rPois)
                  | [Jiyva's grace]
 41926 | Crypt:2  | Lost mutation: You passively dampen the noise of your
                  | surroundings. [Jiyva's grace]
 41926 | Crypt:2  | Gained mutation: You have acidic saliva. [Jiyva's grace]
 41926 | Crypt:2  | Gained mutation: You are robust. (+10% HP) [Jiyva's grace]
 41926 | Crypt:2  | Gained mutation: You are very robust. (+20% HP) [Jiyva's
                  | grace]
 41926 | Crypt:2  | Gained mutation: You are extremely robust. (+30% HP)
                  | [Jiyva's grace]
 42069 | Crypt:3  | Entered Level 3 of the Crypt
 42138 | Crypt:3  | Noticed a curse toe
 42205 | Crypt:3  | XOM: 1-stop teleportation journey
 42236 | Crypt:3  | Noticed a curse toe
 42259 | Crypt:3  | Killed a curse toe
 42286 | Crypt:3  | Killed a curse toe
 42442 | Crypt:3  | Reached **** piety under Jiyva
 42672 | Crypt:3  | Noticed a dread lich
 42828 | Crypt:3  | XOM: enchant monster (bad)
 42830 | Crypt:3  | Killed a dread lich
 42831 | Crypt:3  | Reached skill level 27 in Fighting
 42848 | Crypt:3  | Identified the ring "Movimy" {rN+ Dex+3}
 42848 | Crypt:3  | Identified the ring "Pytog" {rPois rN+ Str+2}
 42857 | Crypt:3  | Identified the staff "Anizucwe" {rN+ Str+7 Necro}
 42870 | Crypt:3  | Identified the ring of Iraiqua {rN+ Int+6}
 42919 | Crypt:3  | Found a staircase to the Tomb.
 43309 | Depths:1 | Entered Level 1 of the Depths
 43311 | Depths:1 | XOM: 3-stop teleportation journey
 43322 | Depths:1 | Reached skill level 17 in Shields
 43488 | Depths:1 | Reached skill level 25 in Armour
 43526 | Depths:1 | Reached ***** piety under Jiyva
 43528 | Depths:1 | Lost mutation: You are somewhat resistant to further
                  | mutation. [Jiyva's grace]
 43528 | Depths:1 | Lost mutation: You are extremely robust. (+30% HP) [Jiyva's
                  | grace]
 43528 | Depths:1 | Lost mutation: Your spells are harder to cast, but more
                  | powerful. [Jiyva's grace]
 43528 | Depths:1 | Lost mutation: Your spells are a little harder to cast, but
                  | a little more powerful. [Jiyva's grace]
 43528 | Depths:1 | Gained mutation: You are strong-willed. (Will+) [Jiyva's
                  | grace]
 43528 | Depths:1 | Gained mutation: You are highly strong-willed. (Will++)
                  | [Jiyva's grace]
 43528 | Depths:1 | Gained mutation: You are extremely strong-willed. (Will+++)
                  | [Jiyva's grace]
 43528 | Depths:1 | Gained mutation: You have sharp toenails. [Jiyva's grace]
 43914 | Depths:1 | Found a gateway to Hell.
 44065 | Depths:1 | Noticed Asterion
 44074 | Depths:1 | Killed Asterion
 44290 | Depths:1 | XOM: noise
 44346 | Depths:1 | XOM: give mutation
 44346 | Depths:1 | Lost mutation: Your natural rate of healing is unusually
                  | fast. [Xom's mischief]
 44545 | Depths:2 | XOM: give mutations
 44545 | Depths:2 | Lost mutation: Your mind is acute. (Int +4, Str/Dex -1)
                  | [Xom's mischief]
 44545 | Depths:2 | Lost mutation: You are extremely strong-willed. (Will+++)
                  | [Xom's mischief]
 44545 | Depths:2 | Gained mutation: You expend magic power (3 MP) to
                  | strengthen your wands. [Xom's mischief]
 44565 | Depths:2 | Reached skill level 18 in Shields
 44820 | Depths:2 | Found a one-way gate leading to the halls of Pandemonium.
 44987 | Depths:2 | Found a one-way gate to the infinite horrors of the Abyss.
 45089 | Depths:2 | Identified the +2 shortbow "Wiryol" {heavy, *Slow rN++
                  | rCorr Int+2}
 45216 | Depths:2 | Noticed Saint Roka
 45258 | Depths:2 | Killed Saint Roka
 45258 | Depths:2 | XOM: chaos upgrade
 45259 | Depths:2 | Reached XP level 24. HP: 252/298 MP: 22/22
 45368 | Depths:2 | XOM: summons 9 hostile demons
 45434 | Depths:3 | XOM: chaos cloud
 45459 | Depths:3 | Reached ****** piety under Jiyva
 45469 | Depths:3 | Noticed a caustic shrike
 45479 | Depths:3 | Killed a caustic shrike
 45480 | Depths:3 | Noticed a caustic shrike
 45482 | Depths:3 | Noticed a juggernaut
 45501 | Depths:3 | Killed a caustic shrike
 45525 | Depths:3 | Killed a juggernaut
 45526 | Depths:3 | Identified the +7 broad axe of Exquisite Torment
                  | {antimagic, Str+4}
 45730 | Depths:3 | Lost mutation: You are highly strong-willed. (Will++)
                  | [Jiyva's grace]
 45730 | Depths:3 | Lost mutation: You expend magic power (3 MP) to strengthen
                  | your wands. [Jiyva's grace]
 45730 | Depths:3 | Gained mutation: You have razor-sharp toenails. [Jiyva's
                  | grace]
 45730 | Depths:3 | Gained mutation: You have claws for feet. [Jiyva's grace]
 45730 | Depths:3 | Gained mutation: Your translucent skin slightly reduces
                  | your foes' accuracy. (Stealth+) [Jiyva's grace]
 45730 | Depths:3 | Gained mutation: Your translucent skin reduces your foes'
                  | accuracy. (Stealth+) [Jiyva's grace]
 45740 | Depths:3 | Found a glowing golden altar of the Shining One.
 45821 | Depths:3 | Found a one-way gateway to a ziggurat.
 45982 | Depths:3 | XOM: give mutations
 45982 | Depths:3 | Lost mutation: You are very robust. (+20% HP) [Xom's
                  | mischief]
 45982 | Depths:3 | Gained mutation: You occasionally lose the ability to drink
                  | potions when taking damage. [Xom's mischief]
 45982 | Depths:3 | Gained mutation: Your magical capacity is low. (-10% MP)
                  | [Xom's mischief]
 45982 | Depths:3 | Gained mutation: You sometimes lose the ability to drink
                  | potions when taking damage. [Xom's mischief]
 46007 | Depths:3 | Lost mutation: Your translucent skin reduces your foes'
                  | accuracy. (Stealth+) [potion of mutation]
 46007 | Depths:3 | Lost mutation: You are robust. (+10% HP) [potion of
                  | mutation]
 46007 | Depths:3 | Lost mutation: Your magical capacity is low. (-10% MP)
                  | [potion of mutation]
 46007 | Depths:3 | Gained mutation: You are partially covered in large bone
                  | plates. (SH +4) [potion of mutation]
 46007 | Depths:3 | Gained mutation: Your muscles are strong. (Str +4, Int/Dex
                  | -1) [potion of mutation]
 46202 | Lair:2   | XOM: noise
 46232 | Slime:1  | Entered Level 1 of the Pits of Slime
 46270 | Slime:2  | Noticed Dissolution
 46421 | Slime:5  | Entered Level 5 of the Pits of Slime
 46445 | Slime:5  | XOM: summons 4 hostile demons
 46463 | Slime:5  | Found the dreamshard necklace {Acrobat *Dream}
 46466 | Slime:5  | Found a viscous altar of Jiyva.
 46466 | Slime:5  | Noticed the Royal Jelly
 46486 | Slime:5  | Got a slimy rune of Zot
 46495 | Slime:5  | Identified the +0 shortbow "Qunimece" {freeze, rPois rF-
                  | Int+2}
 46496 | Slime:5  | Identified the +8 halberd of the Mind {drain, Int+3}
 46498 | Slime:5  | Identified the +6 scale mail "Lerchaudo" {rF+ rC+ Stlth+}
 46509 | Slime:5  | Identified the staff "Niulaym" {rF+ MP-9 Str+5 Dex+4 SInv
                  | Fire}
 46518 | Slime:5  | Identified the staff of Balance {rPois rN+ Poison}
 46595 | Slime:5  | XOM: summons 3 hostile shadow creatures
 46595 | Slime:5  | Was forgiven by Xom
 47170 | Vaults:5 | Entered Level 5 of the Vaults
 47241 | Vaults:5 | Reached skill level 26 in Armour
 47247 | Vaults:5 | Reached skill level 19 in Dodging
 47247 | Vaults:5 | Reached skill level 19 in Shields
 47269 | Vaults:5 | Identified the ring "Guviefoa" {Ice *Corrode Str+4 Dex+3}
 47325 | Vaults:5 | Found the +2 hat of the Bear Spirit {Spirit, Bear, *Rage
                  | Will++}
 47501 | Vaults:5 | Noticed a dread lich
 47512 | Vaults:5 | Killed a dread lich
 47732 | Vaults:5 | Got a silver rune of Zot
 48083 | Vaults:5 | Identified the +0 plate armour of the Eternal Void {rC++}
 48091 | Vaults:5 | Reached skill level 20 in Shields
 48125 | Vaults:5 | Identified the +2 robe of Hiwk {Int+5 Archmagi}
 48219 | Vaults:5 | Identified the +4 flail of Light {freeze, SInv}
 48230 | Vaults:5 | Reached skill level 20 in Dodging
 48300 | Vaults:5 | Got the Discourse on Ghastly Conflagration
 48304 | Vaults:5 | Identified the +11 chain mail of Spite {rN++ Regen+ Dex-5
                  | Stlth+}
 48331 | Vaults:5 | Got the Grimoire of Breath and Displacement
 48400 | Vaults:5 | Got Niedd's Octavo of Malisons and Transportation
 48535 | Vaults:5 | Found the +0 mask of the Dragon {Will+ Slay+3 SInv}
 48539 | Vaults:5 | Identified the +8 broad axe "Posivveq" {heavy, *Corrode
                  | +Blink MP+9 Str-3}
 48539 | Vaults:5 | Identified the ring of Isappouj {Ice Will++ Str+2}
 49041 | Depths:4 | Entered Level 4 of the Depths
 49041 | Depths:4 | Lost mutation: You have claws for feet. [Jiyva's grace]
 49041 | Depths:4 | Lost mutation: You have razor-sharp toenails. [Jiyva's
                  | grace]
 49041 | Depths:4 | Lost mutation: Your muscles are strong. (Str +4, Int/Dex
                  | -1) [Jiyva's grace]
 49041 | Depths:4 | Gained mutation: Your muscles are strong. (Str +4, Int/Dex
                  | -1) [Jiyva's grace]
 49041 | Depths:4 | Gained mutation: Your muscles are very strong. (Str +8,
                  | Int/Dex -2) [Jiyva's grace]
 49041 | Depths:4 | Gained mutation: Armour fits poorly on your pseudopods.
                  | [Jiyva's grace]
 49041 | Depths:4 | Gained mutation: Armour fits poorly on your large
                  | pseudopods. [Jiyva's grace]
 49049 | Depths:4 | Noticed Mennas
 49069 | Depths:4 | Killed Mennas
 49071 | Depths:4 | Found Gojealex's Weapon Emporium.
 49120 | Depths:4 | Reached skill level 27 in Armour
 49196 | Depths:4 | Reached XP level 25. HP: 257/257 MP: 22/22
 49357 | Depths:4 | Found a gate to the Realm of Zot.
 49576 | Depths:4 | Found a shadowy altar of Dithmenos.
 49678 | Depths:4 | Identified the ring "Seozyg Qaso" {Fire rN+}
 49688 | Depths:4 | Reached skill level 21 in Shields
 49806 | Zot:1    | Entered Level 1 of the Realm of Zot
 49855 | Zot:1    | Reached skill level 21 in Dodging
 49942 | Zot:1    | Noticed Vyqe's ghost (master MfIE)
 49947 | Zot:1    | Noticed Wukiw's ghost (legendary MiBe)
 50013 | Zot:1    | Noticed an ancient lich
 50134 | Zot:1    | Found a transporter.
 50138 | Zot:1    | Found a transporter.
 50204 | Zot:1    | Noticed an electric golem
 50245 | Zot:1    | Killed an electric golem
 50349 | Zot:1    | Noticed a Killer Klown
 50358 | Zot:1    | Noticed a Killer Klown
 50362 | Zot:1    | Noticed an orb of fire
 50364 | Zot:1    | Noticed an electric golem
 50370 | Zot:1    | Gained mutation: You occasionally shout uncontrollably at
                  | your foes. [an orb of fire]
 50371 | Zot:1    | You are cast into the Abyss!
 50371 | Abyss:3  | Cast into level 3 of the Abyss (Killer Klown)
 50439 | Zot:1    | You pass through the gate.
 50439 | Zot:1    | Escaped the Abyss
 50450 | Zot:1    | Killed an orb of fire
 50461 | Zot:1    | Killed a Killer Klown
 50464 | Zot:1    | Reached skill level 22 in Shields
 50467 | Zot:1    | a Killer Klown changed into an ettin
 50622 | Zot:1    | Killed an electric golem
 50756 | Zot:2    | Noticed an orb of fire
 50757 | Zot:2    | Gained mutation: You have hidden genetic defects. [an orb
                  | of fire]
 50769 | Zot:2    | Gained mutation: You are clumsy. (Dex -2) [an orb of fire]
 50774 | Zot:2    | Lost mutation: Your muscles are very strong. (Str +8,
                  | Int/Dex -2) [an orb of fire]
 50882 | Zot:1    | Lost mutation: Armour fits poorly on your large pseudopods.
                  | [potion of mutation]
 50882 | Zot:1    | Lost mutation: You have sharp toenails. [potion of
                  | mutation]
 50882 | Zot:1    | Lost mutation: Your muscles are strong. (Str +4, Int/Dex
                  | -1) [potion of mutation]
 50882 | Zot:1    | Gained mutation: Your body sometimes deteriorates upon
                  | taking damage. [potion of mutation]
 50882 | Zot:1    | Gained mutation: You frequently scream uncontrollably at
                  | your foes. [potion of mutation]
 50882 | Zot:1    | Lost mutation: You are clumsy. (Dex -2) [potion of
                  | mutation]
 50883 | Zot:1    | Lost mutation: Armour fits poorly on your pseudopods.
                  | [potion of mutation]
 50883 | Zot:1    | Lost mutation: You are strong-willed. (Will+) [potion of
                  | mutation]
 50883 | Zot:1    | Gained mutation: You are weak. (Str -2) [potion of
                  | mutation]
 50883 | Zot:1    | Lost mutation: You have hidden genetic defects. [potion of
                  | mutation]
 50883 | Zot:1    | Gained mutation: Your flesh is cold resistant. (rC+)
                  | [potion of mutation]
 50998 | Zot:2    | Gained mutation: Armour fits poorly on your strangely
                  | shaped body. [an orb of fire]
 51004 | Zot:2    | Killed an orb of fire
 51113 | Zot:2    | Noticed an orb of fire
 51134 | Zot:2    | Gained mutation: You do not regenerate when monsters are
                  | visible. [an orb of fire]
 51143 | Zot:2    | Gained mutation: Your spells are a little easier to cast,
                  | but a little less powerful. [an orb of fire]
 51151 | Zot:2    | Killed an orb of fire
 51165 | Zot:2    | Reached skill level 22 in Dodging
 51261 | Zot:1    | Lost mutation: You are partially covered in large bone
                  | plates. (SH +4) [potion of mutation]
 51261 | Zot:1    | Lost mutation: You do not regenerate when monsters are
                  | visible. [potion of mutation]
 51261 | Zot:1    | Gained mutation: You have sharp fingernails. [potion of
                  | mutation]
 51261 | Zot:1    | Gained mutation: You have a pair of large horns on your
                  | head. [potion of mutation]
 51325 | Zot:2    | Lost mutation: Armour fits poorly on your strangely shaped
                  | body. [Jiyva's grace]
 51325 | Zot:2    | Lost mutation: Your body sometimes deteriorates upon taking
                  | damage. [Jiyva's grace]
 51325 | Zot:2    | Lost mutation: You frequently scream uncontrollably at your
                  | foes. [Jiyva's grace]
 51325 | Zot:2    | Lost mutation: You occasionally shout uncontrollably at
                  | your foes. [Jiyva's grace]
 51325 | Zot:2    | Lost mutation: You are weak. (Str -2) [Jiyva's grace]
 51325 | Zot:2    | Lost mutation: You have acidic saliva. [Jiyva's grace]
 51325 | Zot:2    | Lost mutation: Your spells are a little easier to cast, but
                  | a little less powerful. [Jiyva's grace]
 51325 | Zot:2    | Lost mutation: You sometimes lose the ability to drink
                  | potions when taking damage. [Jiyva's grace]
 51325 | Zot:2    | Lost mutation: You occasionally lose the ability to drink
                  | potions when taking damage. [Jiyva's grace]
 51325 | Zot:2    | Gained mutation: Your system is resistant to poisons.
                  | (rPois) [Jiyva's grace]
 51325 | Zot:2    | Gained mutation: You are covered in slimy tendrils that may
                  | disarm your opponents. [Jiyva's grace]
 51325 | Zot:2    | Gained mutation: You have a small jelly attached to you
                  | that senses nearby items. [Jiyva's grace]
 51325 | Zot:2    | Gained mutation: Your translucent skin reduces your foes'
                  | accuracy. (Stealth+) [Jiyva's grace]
 51466 | Zot:2    | Got the Directory of Vehement Permutations
 51983 | Zot:2    | Noticed a curse toe
 52019 | Zot:2    | Killed a curse toe
 52043 | Zot:2    | Noticed a curse toe
 52084 | Zot:2    | Killed a curse toe
 52085 | Zot:2    | Reached skill level 23 in Shields
 52133 | Zot:2    | Noticed a curse toe
 52145 | Zot:2    | Killed a curse toe
 52153 | Zot:2    | Paralysed by you for 2 turns
 52206 | Zot:2    | Noticed a curse toe
 52206 | Zot:2    | Noticed a curse toe
 52218 | Zot:2    | Killed a curse toe
 52226 | Zot:2    | Killed a curse toe
 52897 | Zot:3    | Reached XP level 26. HP: 248/266 MP: 22/22
 52932 | Zot:3    | Found a blossoming altar of Fedhas.
 53105 | Zot:3    | Reached skill level 23 in Dodging
 53328 | Zot:3    | Noticed an electric golem
 53566 | Zot:3    | Killed an electric golem
 53697 | Zot:4    | Lost mutation: You are covered in slimy tendrils that may
                  | disarm your opponents. [Jiyva's grace]
 53697 | Zot:4    | Gained mutation: You expend magic power (3 MP) to
                  | strengthen your wands. [Jiyva's grace]
 53697 | Zot:4    | Gained mutation: You have very sharp fingernails. [Jiyva's
                  | grace]
 53697 | Zot:4    | Gained mutation: You have claws for hands. [Jiyva's grace]
 53697 | Zot:4    | Gained mutation: You have acidic saliva. [Jiyva's grace]
 53702 | Zot:4    | Noticed an electric golem
 53728 | Zot:3    | Reached skill level 24 in Shields
 53736 | Zot:3    | >>remove my horns you slime jerk
 53785 | Zot:3    | Killed an electric golem
 53861 | Zot:4    | Noticed a curse toe
 53871 | Zot:4    | Killed a curse toe
 54016 | Zot:4    | Identified the ring "Guredem" {Fire Will++ Dex+4}
 54199 | Zot:4    | Reached skill level 24 in Dodging
 54304 | Zot:4    | Identified the +4 ring mail of Card Tricks {Drain Regen+
                  | rCorr Str+3}
 54989 | Crypt:1  | >>oh i did do crypt
 54989 | Crypt:1  | >>rip
 55424 | Zot:5    | Entered Level 5 of the Realm of Zot
 55465 | Zot:5    | Reached skill level 25 in Shields
 55742 | Zot:5    | Noticed an ancient lich
 55753 | Zot:5    | Killed an ancient lich
 55863 | Zot:5    | Noticed a dread lich
 55863 | Zot:5    | Noticed an ancient lich
 55864 | Zot:5    | Paralysed by a dread lich for 5 turns
 55871 | Zot:5    | Paralysed by something for 5 turns
 55882 | Zot:5    | Killed an ancient lich
 55896 | Zot:5    | Killed a dread lich
 55933 | Zot:5    | Noticed a dread lich
 55996 | Zot:5    | Killed a dread lich
 56058 | Zot:5    | Noticed an orb of fire
 56059 | Zot:5    | Gained mutation: You sometimes lose your temper in combat.
                  | [an orb of fire]
 56073 | Zot:5    | Noticed an electric golem
 56074 | Zot:5    | Killed an orb of fire
 56075 | Zot:5    | Noticed an ancient lich
 56099 | Zot:5    | Killed an ancient lich
 56190 | Zot:5    | Noticed an orb of fire
 56194 | Zot:5    | Gained mutation: Your magical capacity is low. (-10% MP)
                  | [an orb of fire]
 56219 | Zot:5    | Killed an orb of fire
 56224 | Zot:5    | Killed an electric golem
 56238 | Zot:5    | Noticed an ancient lich
 56257 | Zot:5    | Killed an ancient lich
 56279 | Zot:5    | Noticed an ancient lich
 56291 | Zot:5    | Killed an ancient lich
 56292 | Zot:5    | Reached skill level 25 in Dodging
 56325 | Zot:5    | Reached skill level 26 in Shields
 56342 | Zot:5    | Reached XP level 27. HP: 273/273 MP: 19/19
 56431 | Zot:5    | Noticed an ancient lich
 56431 | Zot:5    | Noticed an orb of fire
 56431 | Zot:5    | Noticed a dread lich
 56441 | Zot:5    | Noticed an orb of fire
 56449 | Zot:5    | Gained mutation: You are frail. (-10% HP) [an orb of fire]
 56457 | Zot:5    | Lost mutation: You have acidic saliva. [potion of mutation]
 56457 | Zot:5    | Lost mutation: Your flesh is cold resistant. (rC+) [potion
                  | of mutation]
 56457 | Zot:5    | Lost mutation: Your magical capacity is low. (-10% MP)
                  | [potion of mutation]
 56457 | Zot:5    | Lost mutation: You are frail. (-10% HP) [potion of
                  | mutation]
 56457 | Zot:5    | Gained mutation: You have hidden genetic potential. [potion
                  | of mutation]
 56499 | Zot:5    | Got the Orb of Zot
 56786 | D:15     | Noticed Cin Varr the pandemonium lord
 56835 | D:12     | Noticed Loss the pandemonium lord
 56894 | D:10     | Noticed Rear the pandemonium lord
 57106 | D:$      | Escaped with the Orb!

Vanquished Creatures
  5 dread liches
  6 ancient liches
  5 orbs of fire
  Mennas (Depths:4)
  A juggernaut (Depths:3)
  Sojobo (Crypt:2)
  The ghost of Hegoitz the Impregnable, a veteran MiGl of Hepliaklqana (Crypt:2)
  3 Killer Klowns
  Vv (Crypt:2)
  the Lernaean hydra (Swamp:4)
  Bai Suzhen (Crypt:1)
  8 curse toes
  Saint Roka (Depths:2)
  2 caustic shrikes (Depths:3)
  The ghost of Rakupo Megg the Devastator, a veteran GrEE of Lugonu (Crypt:2)
  4 golden dragons
  2 bone dragons
  5 electric golems
  Jorgrun (Orc:2)
  A walking crystal tome (Depths:4)
  15 tentacled monstrosities
  24 Orb Guardians
  2 deep elf master archers (Elf:3)
  Asterion (Depths:1)
  6 liches
  3 quicksilver dragons
  A titan (Vaults:5)
  2 deep elf blademasters (Elf:3)
  4 ancient champions
  10 death cobs
  An Executioner (D:12)
  6 sphinxes
  Frances (D:12)
  2 tentacled starspawn (Abyss:2)
  2 revenants (Crypt:1)
  Roxanne (Swamp:4)
  9 tengu reavers
  Kirke (Elf:1)
  8 shadow dragons
  17 storm dragons
  2 azure jellies (Elf:1)
  7 draconian monks
  10 fire giants
  Donald (Crypt:1)
  2 deep elf sorcerers
  2 draconian knights (Zot:1)
  8 emperor scorpions
  3 frost giants
  Louise (Spider:1)
  18 vault wardens
  9 ghost moths
  6 deep elf elementalists (Elf:3)
  2 iron dragons
  9 draconian shifters
  6 draconian scorchers
  2 draconian stormcallers
  A balrug (Depths:4)
  A cacodemon (Depths:2)
  2 curse skulls
  2 orc warlords
  9 ghouls
  A juggernaut skeleton (Crypt:3)
  2 reapers
  25 ironbound preservers
  7 draconian annihilators
  27 very ugly things
  5 formless jellyfish
  13 stone giants
  3 war gargoyles
  11 ironbound thunderhulks
  3 broodmothers
  13 green draconians
  11 vampire knights
  11 deep elf annihilators
  7 eleionomae
  2 lorocyprocas
  12 purple draconians
  17 black draconians
  13 red draconians
  11 white draconians
  2 bunyips
  6 yellow draconians
  7 deep elf demonologists
  Azrael (Spider:1)
  11 spark wasps
  8 dire elephants
  4 eidola
  8 deep elf death magi
  6 ettins
  A mummy priest (Vaults:3)
  Snorg (D:10)
  9 jiangshi
  A green death (Depths:4)
  10 yaktaur captains
  11 fire dragons
  2 entropy weavers
  5 great orbs of eyes
  Fannar (D:10)
  16 hydras
  3 deep elf high priests
  A hell beast (Depths:4)
  5 ice dragons
  2 peacekeepers
  6 ironbound frosthearts
  3 ogre magi (Orc:2)
  3 ghost crabs
  38 vault guards
  Erolcha (Orc:1)
  A jorogumo (Spider:2)
  11 alligators
  An anaconda (Spider:2)
  A spectral stone giant (Crypt:1)
  A catoblepas (D:13)
  4 death knights
  19 two-headed ogres
  9 centaur warriors
  2 deep troll shamans (Depths:1)
  2 radroaches
  17 dancing weapons
  A death yak (D:10)
  9 tengu warriors
  8 boulder beetles
  6 vampire magi
  6 deep troll earth magi
  14 demonic crawlers
  3 thrashing horrors (Abyss:2)
  7 sun demons
  4 soul eaters
  13 deep elf knights
  A fire crab (Elf:2)
  Nergalle (D:10)
  2 skysharks
  Amaemon (D:8)
  20 spriggans
  A wretched star (Abyss:2)
  4 iron trolls
  3 goliath frogs
  3 shadow wraiths
  20 skeletal warriors
  5 pharaoh ants
  A sea snake (Elf:3)
  3 spriggan druids
  A sixfirhy (D:8)
  80 deep trolls
  A spatial maelstrom (Abyss:2)
  5 spriggan simulacra (IceCv)
  8 orb spiders
  2 flayed ghosts
  10 swamp dragons
  An anaconda zombie (Crypt:1)
  7 bog bodies
  2 obsidian statues
  A golden dragon skeleton (Crypt:3)
  4 wizards
  16 deep elf archers
  12 ironbound convokers
  7 steelbarb worms
  7 orc knights
  4 lindwurms
  Pikel (D:7)
  13 phantasmal warriors
  A harpy (shapeshifter) (D:13)
  5 necromancers
  3 stone giant zombies (Crypt:1)
  A manticore (shapeshifter) (Vaults:2)
  A will-o-the-wisp (Swamp:4)
  A shining eye (Elf:3)
  24 deep elf zephyrmancers
  A shadow dragon skeleton (Crypt:1)
  25 deep elf pyromancers
  16 wolf spiders
  3 cyclopes
  5 manticores
  A salamander (shapeshifter) (Abyss:2)
  33 ugly things
  A salamander (Depths:4)
  19 moths of wrath
  3 orc sorcerers
  21 elephants
  2 frost giant skeletons
  2 rust devils
  3 ice statues
  4 black mambas
  2 fire giant skeletons
  6 torpor snails
  9 apocalypse crabs (Zot:2)
  24 vault sentinels
  A shock serpent skeleton (Crypt:3)
  4 smoke demons
  2 gargoyles
  An eye of devastation (shapeshifter) (Lair:5)
  Maurice (Orc:1)
  An orange demon (D:8)
  An alligator snapping turtle zombie (Crypt:1)
  11 cane toads
  A kobold demonologist (D:12)
  A dire elephant skeleton (Crypt:3)
  A catoblepas zombie (Crypt:1)
  Psyche (D:8)
  2 naga skeletons
  A sea snake zombie (Crypt:2)
  A yaktaur (shapeshifter) (Elf:2)
  Maggie (D:8)
  2 human zombies
  12 freezing wraiths
  12 komodo dragons
  28 yaktaurs
  2 unseen horrors
  An alligator snapping turtle skeleton (Crypt:3)
  2 rime drakes
  5 tengu conjurers
  An efreet (Abyss:2)
  4 anaconda simulacra
  An ancient zyme (Abyss:2)
  An elf skeleton (Vaults:3)
  2 red devils
  A yaktaur skeleton (Vaults:3)
  A yellow draconian skeleton (Crypt:1)
  9 ice devils
  5 polar bears
  2 harpy zombies
  7 trolls
  2 alligator simulacra (IceCv)
  4 hellwings
  10 hornets
  Prince Ribbit (D:6)
  6 tyrant leeches
  26 blink frogs
  21 tarantellas
  A frost giant simulacrum (Vaults:3)
  A dream sheep (shapeshifter) (Vaults:1)
  A guardian serpent zombie (Crypt:3)
  A centaur simulacrum (D:14)
  2 shadows
  Sigmund (D:6)
  14 slime creatures
  An air elemental (Elf:3)
  4 flying skulls (Crypt:3)
  21 jumping spiders
  18 culicivoras
  2 ettin skeletons (Crypt:3)
  A guardian serpent skeleton (Crypt:2)
  5 wraiths
  2 water elementals (Elf:3)
  5 dire elephant simulacra (IceCv)
  A slime creature zombie (Crypt:1)
  4 wyverns
  6 basilisks
  6 fire elementals
  A large abomination (Abyss:2)
  47 yaks
  A black mamba skeleton (Crypt:1)
  A fire bat (Lair:1)
  27 redbacks
  5 ynoxinuls
  A golden eye (shapeshifter) (D:15)
  Grum (D:8)
  2 steam dragons
  5 hogs (Elf:1)
  5 chaos spawn
  3 wargs
  2 vampire mosquitoes (Swamp:2)
  10 minotaur simulacra (IceCv)
  4 neqoxecs
  18 swamp worms
  3 harpy simulacra
  An acid dragon (D:8)
  8 hell hounds
  2 two-headed ogre zombies (Crypt:3)
  8 water moccasins
  An ogre zombie (Vaults:3)
  A floating eye (shapeshifter) (D:15)
  A glowing shapeshifter skeleton (Crypt:1)
  7 swamp drakes
  21 orc warriors
  Duvessa (D:6)
  An ettin simulacrum (Vaults:4)
  An ice beast (D:6)
  8 black bears
  27 wolves
  20 ogres (Orc:2)
  7 boggarts
  An elephant skeleton (Crypt:2)
  A snapping turtle skeleton (Crypt:3)
  2 swamp dragon skeletons (Crypt:1)
  5 centaurs
  2 lemures (D:7)
  A hog skeleton (Crypt:2)
  3 phantoms
  A kobold brigand (D:8)
  Blork the orc (D:6)
  5 bullfrogs
  3 gnoll sergeants
  A cyclops zombie (Crypt:2)
  8 deep troll simulacra
  4 earth elementals
  A human skeleton (Vaults:3)
  4 necrophages
  2 scorpions
  A warg zombie (Crypt:2)
  2 elephant simulacra (Elf:1)
  2 lindwurm simulacra (IceCv)
  14 killer bees (D:10)
  3 howler monkeys (D:9)
  2 electric eels
  A jelly (D:7)
  2 quasits (Abyss:2)
  A hound (shapeshifter) (Elf:1)
  2 hounds
  Crazy Yiuf (D:6)
  19 orc priests
  9 starcursed masses (Abyss:2)
  A gnoll bouda (D:5)
  4 iguanas
  7 sleepcaps
  Ijyb (D:3)
  16 orc wizards
  Natasha (thrice) (D:3)
  13 hell rats
  A troll simulacrum (Elf:1)
  A tengu skeleton (Crypt:2)
  A howler monkey zombie (Crypt:2)
  11 gnolls
  13 adders
  2 naga simulacra (Elf:1)
  A river rat (D:5)
  A steam dragon skeleton (Crypt:3)
  A shadow imp (D:7)
  2 white imps
  4 ufetubi
  A lava snake zombie (Crypt:2)
  2 worms
  2 dart slugs (D:1)
  88 orcs
  8 ball pythons
  4 bats
  8 endoplasms
  5 giant cockroaches
  8 goblins
  3 hobgoblins
  3 jackals (D:1)
  3 quokkas
  16 frilled lizards
  A hobgoblin zombie (Crypt:1)
  13 kobolds
  13 rats
  2 starspawn tentacles (Abyss:2)
2152 creatures vanquished.

Vanquished Creatures (collateral kills)
  An emperor scorpion (Spider:2)
  An ironbound preserver (Vaults:1)
  A black draconian (Zot:1)
  An ettin (Zot:1)
  An ogre mage (Orc:2)
  A dancing weapon (Elf:3)
  A sun moth (Spider:3)
  3 deep trolls
  An orb spider (Spider:2)
  An ugly thing (Vaults:1)
  A yaktaur (Vaults:3)
  A tengu conjurer (D:13)
  A human skeleton (Vaults:3)
  2 redbacks
  A water moccasin (D:4)
  2 orc warriors (Orc:1)
  An ogre (Orc:1)
  2 wolves (Lair:5)
  Dowan (D:6)
  2 orc wizards
  Robin (D:2)
  7 orcs
  4 goblins (D:2)
  A hobgoblin (D:2)
  2 jackals (D:4)
41 creatures vanquished.

Vanquished Creatures (others)
  A golden dragon (Zot:4)
  A tentacled monstrosity (Zot:2)
  An Orb Guardian (Zot:5)
  A rockslime (Zot:5)
  A fire giant (Zot:4)
  A deep elf sorcerer (Elf:3)
  A deep elf annihilator (Elf:3)
  A deep elf high priest (Elf:3)
  A vault guard (Vaults:5)
  2 glowing orange brains
  2 dancing weapons
  A soul eater (D:12)
  A glowing orange brain (shapeshifter) (Depths:4)
  A steelbarb worm (shapeshifter) (Vaults:5)
  2 deep elf zephyrmancers
  A faun (shapeshifter) (Vaults:5)
  A bloated husk (Swamp:3)
  A snapping turtle (shapeshifter) (Vaults:5)
  A water elemental (Elf:2)
  A floating eye (shapeshifter) (Vaults:5)
  An ogre (D:7)
  112 jellies
  A quokka (D:6)
  4 foxfires (Swamp:4)
  2 starspawn tentacles (Abyss:2)
143 creatures vanquished.

Grand Total: 2336 creatures vanquished

Table legend: (Time is in decaauts)
 A = Elapsed time spent in this place.
 B = Non-inter-level travel time spent in this place.
 C = Inter-level travel time spent in this place.
 D = Time resting spent in this place.
 E = Time spent auto-exploring this place.
 F = Levels seen in this place.
 G = Mean time per level.
                   A        B        C        D        E       F      G
               +--------+--------+--------+--------+--------+-----+--------+
         Total |  54687 |  48907 |   5780 |   4157 |  32930 |  59 |  926.9 |
       Dungeon |  15810 |  13755 |   2055 |    643 |  10771 |  15 | 1054.0 |
          Lair |   4977 |   4463 |    514 |    308 |   3184 |   5 |  995.4 |
         Swamp |   2054 |   1986 |     68 |      2 |   1515 |   4 |  513.5 |
   Spider Nest |   4224 |   4072 |    152 |    559 |   2604 |   4 | 1056.0 |
    Slime Pits |    455 |    341 |    114 |     53 |    227 |   5 |   91.0 |
  Orcish Mines |   1828 |   1477 |    351 |     53 |   1071 |   2 |  914.0 |
   Elven Halls |   3137 |   2986 |    151 |    380 |   1793 |   3 | 1045.7 |
        Vaults |   7855 |   6970 |    885 |    469 |   4596 |   5 | 1571.0 |
         Crypt |   2814 |   2560 |    254 |    129 |   1687 |   3 |  938.0 |
        Depths |   3743 |   3114 |    629 |      3 |   2338 |   4 |  935.8 |
           Zot |   5507 |   4905 |    602 |    648 |   2459 |   5 | 1101.4 |
         Abyss |    476 |    476 |      0 |    136 |      6 |   2 |  238.0 |
         Sewer |    296 |    296 |      0 |      0 |    179 |   1 |  296.0 |
      Ice Cave |   1506 |   1506 |      0 |    770 |    497 |   1 | 1506.0 |
               +--------+--------+--------+--------+--------+-----+--------+

Top non-repeatable levels by time:
Vaults:2: 2255 daAuts
     D:6: 1930 daAuts
   Zot:2: 1577 daAuts
   IceCv: 1506 daAuts
    D:12: 1489 daAuts
Vaults:3: 1488 daAuts
Vaults:5: 1459 daAuts
  Lair:5: 1424 daAuts
   Elf:3: 1420 daAuts
Vaults:1: 1386 daAuts
    D:14: 1359 daAuts
     D:8: 1270 daAuts
Depths:1: 1268 daAuts
Vaults:4: 1265 daAuts
   Zot:1: 1236 daAuts

Table legend:
 A = Non-vault XP
 B = Vault XP
 C = Vault XP percentage of total XP
 D = Non-vault monster count
 E = Vault monster count
 F = Vault count percentage of total count
                 A         B        C        D         E       F
            +---------+---------+-------+---------+---------+-------
      Total |  760417 |  605770 |  44.3 |    1407 |     776 |  35.5
            +---------+---------+-------+---------+---------+-------
        D:1 |      48 |       6 |  11.1 |      28 |       6 |  17.6
        D:2 |      14 |      60 |  81.1 |      10 |      17 |  63.0
        D:3 |     116 |     224 |  65.9 |      10 |       7 |  41.2
        D:4 |     349 |       0 |   0.0 |      19 |       0 |   0.0
        D:5 |     806 |      17 |   2.1 |      17 |       4 |  19.0
        D:6 |     891 |     856 |  49.0 |      14 |       6 |  30.0
        D:7 |     525 |     607 |  53.6 |      18 |       1 |   5.3
        D:8 |     791 |    2364 |  74.9 |      19 |       8 |  29.6
        D:9 |    1548 |       0 |   0.0 |      11 |       0 |   0.0
       D:10 |    3682 |    3440 |  48.3 |      25 |       6 |  19.4
       D:11 |    2487 |       0 |   0.0 |       8 |       0 |   0.0
       D:12 |    4063 |    2767 |  40.5 |      23 |      36 |  61.0
       D:13 |    7318 |    4120 |  36.0 |      12 |      12 |  50.0
       D:14 |   11099 |   14175 |  56.1 |      18 |      19 |  51.4
       D:15 |    5829 |     141 |   2.4 |      10 |       1 |   9.1
     Lair:1 |    5440 |       0 |   0.0 |      18 |       0 |   0.0
     Lair:2 |   11156 |     935 |   7.7 |      45 |       3 |   6.2
     Lair:3 |    7328 |       0 |   0.0 |      30 |       0 |   0.0
     Lair:4 |    2872 |     110 |   3.7 |      15 |       1 |   6.2
     Lair:5 |   14434 |   11393 |  44.1 |      36 |      55 |  60.4
    Swamp:1 |    8185 |       0 |   0.0 |      18 |       0 |   0.0
    Swamp:2 |   11850 |       0 |   0.0 |      25 |       0 |   0.0
    Swamp:3 |   13212 |       0 |   0.0 |      20 |       0 |   0.0
    Swamp:4 |   11086 |   18393 |  62.4 |      17 |      25 |  59.5
   Spider:1 |   14137 |   10930 |  43.6 |      39 |      20 |  33.9
   Spider:2 |   13100 |       0 |   0.0 |      30 |       0 |   0.0
   Spider:3 |   13375 |       0 |   0.0 |      32 |       0 |   0.0
   Spider:4 |   13754 |   21687 |  61.2 |      21 |      38 |  64.4
      Orc:1 |    4137 |    1273 |  23.5 |      40 |       2 |   4.8
      Orc:2 |    4838 |   19807 |  80.4 |      48 |      38 |  44.2
      Elf:1 |    6999 |    9834 |  58.4 |      13 |      23 |  63.9
      Elf:2 |   30097 |    3298 |   9.9 |      49 |       4 |   7.5
      Elf:3 |   25353 |   35265 |  58.2 |      43 |      32 |  42.7
   Vaults:1 |   37837 |    4134 |   9.8 |      53 |       6 |  10.2
   Vaults:2 |   25849 |   17113 |  39.8 |      36 |      19 |  34.5
   Vaults:3 |   39462 |   10759 |  21.4 |      60 |      12 |  16.7
   Vaults:4 |   36076 |   20432 |  36.2 |      52 |      24 |  31.6
   Vaults:5 |   29160 |   84535 |  74.4 |      37 |      78 |  67.8
    Crypt:1 |   27440 |   14938 |  35.2 |      41 |      16 |  28.1
    Crypt:2 |   17734 |   28536 |  61.7 |      32 |      11 |  25.6
    Crypt:3 |   21144 |   25852 |  55.0 |      34 |      21 |  38.2
   Depths:1 |   29141 |    9884 |  25.3 |      35 |      10 |  22.2
   Depths:2 |   30693 |    6849 |  18.2 |      34 |      20 |  37.0
   Depths:3 |   13424 |   17581 |  56.7 |      14 |      12 |  46.2
   Depths:4 |   16215 |   24424 |  60.1 |      16 |      24 |  60.0
      Zot:1 |   38812 |   27260 |  41.3 |      33 |      22 |  40.0
      Zot:2 |   45759 |   17338 |  27.5 |      28 |      14 |  33.3
      Zot:3 |   43779 |   16936 |  27.9 |      41 |      14 |  25.5
      Zot:4 |   35482 |   16383 |  31.6 |      32 |      14 |  30.4
      Zot:5 |    7171 |   87795 |  92.4 |       7 |      33 |  82.5
    Abyss:2 |   13737 |       0 |   0.0 |      37 |       0 |   0.0
    Abyss:3 |     583 |       0 |   0.0 |       4 |       0 |   0.0
      Sewer |       0 |      77 | 100.0 |       0 |      16 | 100.0
      IceCv |       0 |   13242 | 100.0 |       0 |      46 | 100.0
            +---------+---------+-------+---------+---------+-------
